 Dungeon Crawl Stone Soup version 0.12.2-6-g2b2ad49 (webtiles) character file.

2041065 Stendarr the Demonic Porcupine (level 27, 47/215 (223) HPs)
             Began as a Demonspawn Chaos Knight on June 12, 2013.
             Was a Favourite Plaything of Xom.
             Escaped with the Orb
             ... and 4 runes on June 14, 2013!
             The game lasted 15:49:15 (93832 turns).

Stendarr the Demonic Porcupine (DsCK)              Turns: 93832, Time: 15:49:15

HP  47/215 (223) AC 26     Str 17      XL: 27
MP  26/28        EV 17     Int 23      God: Xom
Gold 6069        SH  0     Dex 13      Spells: 10 memorised,  4 levels left

Res.Fire  : + + .   See Invis. : .   q - +5,+7 bardiche (chop)
Res.Cold  : + . .   Warding    : .   g - +6 mottled dragon armour
Life Prot.: + + .   Conserve   : .   (no shield)
Res.Poison: +       Res.Corr.  : .   Q - +1 wizard hat
Res.Elec. : +       Clarity    : .   l - +1 cloak {MR}
Sust.Abil.: . .     Spirit.Shd : .   G - +0 pair of gauntlets
Res.Mut.  : .       Stasis     : .   (boots unavailable)
Res.Rott. : .       Ctrl.Telep.: x   h - amulet "Strederyr" {Gourm rElec rF+}
Gourmand  : +       Flight     : .   d - ring of Vehumet's Anger {rF+ Acc+6 Dam+6}
                                     R - +4,+4 ring of slaying

@: deflect missiles, slightly contaminated, hasted, glowing, very quick,
extraordinarily resistant to hostile enchantments, very unstealthy
A: horns 1, talons 3, berserk 2, blink 2, blurry vision 1, breathe flames 2,
carnivore 2, cold resistance 1, deformed body, demonic guardian 3, -10% hp, -20%
mp, magic resistance 2, life protection 2, poison resistance, powered by death
3, screaming 3, spit poison 1, 50% torment resistance, teleport control,
evolution 2, AC +9, Str +4, Int -1, Dex -2
a: Spit Poison, Blink, Renounce Religion, Breathe Fire
}: 4/15 runes: serpentine, barnacled, slimy, abyssal


You escaped.
You worshipped Xom.
You were a very special plaything of Xom.
You were not hungry.

You visited 10 branches of the dungeon, and saw 69 of its levels.
You visited the Abyss 2 times.
You also visited: Labyrinth, Trove and Bailey.

You collected 9030 gold pieces.
You spent 2981 gold pieces at shops.

Inventory:

Hand weapons
 q - a +5,+7 bardiche of chopping (weapon)
 B - a +0,+2 bardiche of dragon slaying
 W - the +5,+7 dagger of Chilly Death (quivered) {freeze, rPois rF- rC++ MR}
   (You found it on level 6 of the Pits of Slime)

   It has been specially enchanted to freeze those struck by it, causing extra
   injury to most foes and up to double damage against particularly susceptible
   opponents.
   It can also slow down cold-blooded creatures.
   It makes you vulnerable to fire.
   It greatly protects you from cold.
   It protects you from poison.
   It affects your resistance to hostile enchantments.
Armour
 e - a +2 cloak of poison resistance
 g - a +6 mottled dragon armour (worn)
 l - a +1 cloak of magic resistance (worn)
 G - a +0 pair of gauntlets (worn)
 N - a +0 cloak of darkness
 Q - a +1 wizard hat (worn)
Magical devices
 a - a wand of lightning (0)
 i - a wand of teleportation (0)
 o - a wand of lightning (2)
 p - a wand of cold (8)
 u - a wand of disintegration (11)
 v - a wand of hasting (0)
 H - a wand of heal wounds (0)
 I - a wand of cold (10)
 V - a wand of fire (0)
 X - a wand of digging (3)
Comestibles
 x - 2 meat rations
Scrolls
 C - a scroll of remove curse
 E - a scroll of fear
 F - a scroll of summoning
Jewellery
 b - an uncursed amulet of clarity {unknown}
 d - the ring of Vehumet's Anger (right hand) {rF+ Acc+6 Dam+6}
   (You bought it in a shop on level 1 of the Vaults)

   [ring of protection from fire]

   It affects your accuracy (+6).
   It affects your damage-dealing abilities (+6).
 f - the ring "Rueguena" {EV+3 Dex+3 Dam+4}
   (You found it in a treasure trove)

   [ring of evasion]

   It affects your evasion (+3).
   It affects your dexterity (+3).
   It affects your damage-dealing abilities (+4).
 h - the amulet "Strederyr" (around neck) {Gourm rElec rF+}
   (You found it in a treasure trove)

   [amulet of the gourmand]

   It protects you from fire.
   It insulates you from electricity.
 j - a +3 ring of protection
 k - an uncursed ring of see invisible
 n - the cursed ring of Robustness {AC+8}
   (You took it off a hobgoblin on level 4 of the Dungeon)

   [ring of protection]

   It affects your AC (+8).
   It has a curse placed upon it.
 r - an uncursed amulet of stasis
 y - an uncursed ring of protection from cold
 D - the ring "Thae" {rC+ rN+ Int+2}
   (You took it off a merfolk impaler on level 5 of the Shoals)

   [ring of life protection]

   It affects your intelligence (+2).
   It protects you from cold.
 J - the amulet of the Air {Inacc +Fly rElec EV+5 RMsl}
   (You found it on level 11 of the Dungeon)

   [amulet of inaccuracy]

   It affects your evasion (+5).
   It insulates you from electricity.
   It lets you fly.
   It protects you from missiles.
 P - an uncursed amulet of resist corrosion
 R - a +4,+4 ring of slaying (left hand)
 S - an uncursed amulet of warding
 U - an uncursed amulet of conservation
Potions
 M - 2 potions of curing
 O - 3 potions of agility
Orbs of Power
 m - the Orb of Zot
Rods
 Z - a -1 rod of destruction [fire] (13/13)
   (You took it off a mermaid on level 5 of the Shoals)


   Skills:
 + Level 26.6 Fighting
 - Level 2.9 Short Blades
 O Level 27 Polearms
 - Level 12.0 Armour
 - Level 11.2 Dodging
 - Level 16.0 Stealth
   Level 11.5 Shields
 - Level 4.3 Spellcasting
 - Level 11.0 Conjurations
 - Level 14.0 Charms
 - Level 11.0 Air Magic
 - Level 10.8 Evocations


You had 4 spell levels left.
You knew the following spells:

 Your Spells              Type           Power        Failure   Level  Hunger
a - Sting                 Conj/Pois      #####        1%          1    None
b - Mephitic Cloud        Conj/Pois/Air  ######...    1%          3    ###....
c - Repel Missiles        Chrm/Air       #######...   1%          2    None
d - Shroud of Golubria    Chrm/Tloc      ######....   1%          2    None
e - Haste                 Chrm           #######..    6%          6    #######
f - Swiftness             Chrm/Air       #######...   1%          2    None
g - Deflect Missiles      Chrm/Air       #######...   12%         6    #######
h - Apportation           Tloc           #.........   12%         1    None
i - Regeneration          Chrm/Necr      ######....   1%          3    ###....
j - Control Teleport      Chrm/Tloc      ######....   8%          4    ####...


Dungeon Overview and Level Annotations

Branches:
Dungeon (27/27)            Temple (0/1) D:5             Orc (4/4) D:10
    Elf (3/3) Orc:4          Lair (8/8) D:8          Shoals (5/5) Lair:5
  Snake (5/5) Lair:5        Slime (6/6) Lair:6       Vaults (5/5) D:19
  Blade (1/1) Vaults:3      Crypt (0/5) Vaults:2        Zot (5/5) D:27

Altars:
Ashenzari
Cheibriados
Elyvilon
Kikubaaqudgha
Sif Muna
Trog
Xom
Zin
the Shining One
Beogh
Jiyva

Shops:
D:15: * D:21: [[ Orc:1: ( Orc:2: % Orc:4: [(*+ Shoals:5: * Snake:1: [ Vaults:1: =*(( Vaults:3: ( Vaults:4: ==([

Portals:
Hell: D:21 D:22 D:23 D:24 D:25 D:26 D:27
Abyss: D:17 D:22 D:25
Pandemonium: D:24
Ziggurat: D:27 (6120 gp)


Innate Abilities, Weirdness & Mutations

You have claws for feet.
You are completely covered in iridescent scales (AC +8).
A powerful demonic guardian rushes to your aid.
You are quite resistant to negative energy.
You can steal the life force of all defeated enemies in sight.
You are somewhat able to resist unholy torments (1 in 2 success).
You have a pair of small horns on your head.
You often lose your temper in combat.
You are good at translocating small distances at will.
Your vision is a little blurry.
You can breathe fire.
Your digestive system is highly specialised to digest meat.
You are clumsy (Dex -1).
Your flesh is cold resistant.
Armour fits poorly on your strangely shaped body.
You are dopey (Int -1).
You are frail (-10% HP).
Your magical capacity is very low (-20% MP).
You are highly resistant to hostile enchantments.
Your system is resistant to poisons.
You frequently scream uncontrollably.
You are covered in fur (AC +1).
You can spit poison.
Your muscles are strong (Str +3).
Your muscles are strong, but stiff (Str +1, Dex -1).
You can control translocations.
You rapidly evolve.


Message History

A bat comes into view.
The bat completely misses you.
You hear a grinding noise.
The bat hits you but does no damage. The bat barely misses you.
There is a stone staircase leading up here.
The bat hits you but does no damage.
You climb upwards.
You sense a powerful magical force warping space.
There is a stone staircase leading down here.
You slice the bat!!
You kill the bat!
Unknown command.
Unknown command.
Unknown command.
Unknown command.
You see here a bat corpse.
There is an open gate here.
There is a staircase leading out of the dungeon here.
You have escaped!

...................##############
...............##.## #
......>...###.###.########### #
####...#####..###...........# # #
#...# #................##### #
#..## ##.##'''##.....)....... #
#.>#####..#.....#...>....>.... #
#..%......#.....#............. #
#.#######.#..@..#........###.. #
#.#######.#.[...#.....#.## ### #
#.##......#######.....#.# # #
#.##..................#.# #### #
#.##..................#.# #... #
#.....................#.# #... #
####.......#.#........#.# #... #
#.......#.#.##.##.##.# #...
#######.......#.#.##.##.##.###..%


There were no monsters in sight!

Vanquished Creatures
  the royal jelly (Slime:6)
  5 orbs of fire
  3 ancient liches (Zot:5)
  Saint Roka (D:20)
  A Killer Klown (Zot:5)
  An illusory Mara (D:21)
  A player illusion (D:21)
  6 golden dragons
  Xtahua (D:23)
  12 bone dragons
  3 electric golems
  A pearl dragon (D:21)
  4 liches
  11 tentacled monstrosities
  22 Orb Guardians (Zot:5)
  2 deep elf blademasters (Elf:3)
  A quicksilver dragon (D:25)
  12 storm dragons
  6 shadow dragons
  20 acid blobs
  A kraken (Shoals:1)
  Polyphemus (Shoals:4)
  2 sphinxes
  Rupert (Shoals:4)
  Agnes (Snake:1)
  4 draconian monks
  Roxanne (Vaults:1)
  Frances (D:18)
  Aizul (Shoals:1)
  Ilsuiw (Shoals:5)
  4 frost giants
  An iron dragon (Zot:4)
  A balrug (Abyss:3)
  2 orc warlords
  A ghost moth (Zot:2)
  Wiglaf (Shoals:5)
  7 draconian scorchers
  Louise (Shoals:4)
  3 tentacled starspawn
  9 draconian zealots
  39 stone giants
  4 vault wardens
  14 azure jellies
  4 draconian knights
  10 draconian annihilators
  8 draconian shifters
  7 green draconians
  2 draconian callers (Zot:3)
  8 greater nagas
  14 grey draconians
  6 deep elf annihilators (Elf:3)
  9 black draconians
  13 fire giants
  7 deep elf death magi (Elf:3)
  7 white draconians
  10 yellow draconians
  A dire elephant (Zot:4)
  6 purple draconians
  13 red draconians
  5 pale draconians
  A reaper (Abyss:3)
  8 deep elf sorcerers
  4 ettins
  A green death (Abyss:1)
  7 mottled draconians
  A minotaur (Lab)
  A blizzard demon (Zot:5)
  46 yaktaur captains
  4 sirens
  A titan skeleton (D:24)
  7 vault guards
  2 dragons (shapeshifter)
  13 death cobs
  8 great orbs of eyes
  A great orb of eyes (shapeshifter) (Abyss:1)
  2 ironheart preservers
  3 merfolk aquamancers
  Fannar (D:15)
  14 ogre magi
  8 dragons
  16 ice dragons
  A storm dragon skeleton (D:23)
  6 merfolk javelineers
  A ravenous feature mimic (D:27)
  7 hydras
  8 deep troll earth magi
  11 death oozes
  2 alligator snapping turtles
  A wolf spider zombie (D:21)
  5 deep troll shamans
  A sphinx zombie (Vaults:2)
  5 deep elf demonologists
  4 anacondas
  A rakshasa (Abyss:3)
  7 merfolk impalers
  A fire giant zombie (D:22)
  A sphinx skeleton (D:22)
  16 deep trolls
  A stone giant zombie (Vaults:3)
  2 deep elf high priests
  An orc high priest (Orc:4)
  A draconian zombie (Zot:5)
  5 death yaks
  32 centaur warriors
  2 wretched stars (Abyss:1)
  Urug (Snake:1)
  A frost giant zombie (Vaults:2)
  4 thrashing horrors
  6 dancing weapons
  11 stone giant skeletons
  2 sun demons
  A catoblepas (Shoals:4)
  2 frost giant skeletons
  8 very ugly things
  2 soul eaters
  3 hell knights (D:22)
  An ice devil (Elf:3)
  A vapour (D:24)
  5 skeletal warriors
  18 large abominations
  25 deep elf knights
  28 naga warriors
  Erolcha (D:12)
  3 wizards
  29 orc knights
  10 flayed ghosts
  A mottled draconian zombie (Zot:1)
  4 death drakes
  4 unseen horrors
  A giant orange brain (D:23)
  13 sea snakes
  7 ironbrand convokers
  2 grey draconian zombies
  A white draconian zombie (Zot:5)
  An ice statue (Vaults:3)
  A sea snake (shapeshifter) (D:25)
  6 iron trolls
  A mottled draconian skeleton (Abyss:3)
  A grey draconian skeleton (Zot:5)
  13 hill giants
  15 harpies
  2 iron troll zombies
  18 giant amoebae
  5 spiny worms
  9 orc sorcerers
  A spiny worm (shapeshifter) (Vaults:1)
  A harpy zombie (D:19)
  A hydra zombie (D:7)
  A wolf spider (D:20)
  9 guardian serpents
  5 oklob plants (Lair:5)
  3 shining eyes
  A deep dwarf berserker (Abyss:1)
  3 iron troll skeletons
  2 necromancers (D:22)
  2 guardian serpents (shapeshifter)
  4 red wasps
  6 vault sentinels
  10 griffons
  A moth of wrath (shapeshifter) (D:25)
  A griffon (shapeshifter) (D:26)
  2 fire crabs
  A wolf spider simulacrum (D:14)
  4 sixfirhies
  4 phantasmal warriors
  2 apocalypse crabs
  10 moths of wrath
  An ettin zombie (D:17)
  A trapdoor spider zombie (D:13)
  A black mamba (shapeshifter) (D:21)
  2 elephant slugs
  An elephant (shapeshifter) (Elf:2)
  A stone giant simulacrum (D:23)
  18 black mambas
  2 red wasp zombies
  7 orange demons
  A griffon skeleton (D:17)
  26 elephants
  83 yaktaurs
  53 slime creatures
  A feature mimic (Lair:2)
  8 spiny frogs
  A queen ant (shapeshifter) (Vaults:4)
  6 ettin skeletons
  A demonic crawler (Abyss:3)
  2 eyes of devastation (shapeshifter)
  16 hellwings
  4 hill giant zombies
  A spiny frog (shapeshifter) (D:22)
  157 ugly things
  18 cyclopes
  18 mermaids
  A mermaid (shapeshifter) (D:13)
  12 trolls
  18 starcursed masses
  16 naga magi
  A hill giant skeleton (D:14)
  3 efreet
  An iron devil (Elf:3)
  Sonja (D:10)
  15 smoke demons
  A spriggan (D:9)
  14 snapping turtles
  5 ancient zymes
  4 deep dwarf artificers (D:23)
  3 deep troll zombies
  6 polar bears (Lair:8)
  A wandering mushroom (Lair:8)
  A baby alligator (Vaults:4)
  A two-headed ogre (shapeshifter) (Vaults:4)
  17 brown oozes
  22 two-headed ogres
  3 basilisks
  A deep troll skeleton (D:23)
  4 wraiths
  An ettin simulacrum (D:23)
  A grizzly bear (shapeshifter) (Vaults:2)
  A vampire (D:16)
  2 blue devils
  11 grizzly bears
  7 ynoxinuls
  6 wyverns
  An octopode (shapeshifter) (Vaults:4)
  15 blink frogs
  15 golden eyes
  A merfolk (shapeshifter) (D:27)
  18 sharks
  5 hungry ghosts
  A tarantella (shapeshifter) (Vaults:4)
  12 hippogriffs
  A hill giant simulacrum (D:12)
  48 yaks
  3 redbacks (D:23)
  2 chaos spawn (D:17)
  14 komodo dragons
  Grum (Orc:4)
  2 steam dragons
  A hog (D:16)
  3 trapdoor spiders
  A clay golem (D:17)
  8 deep elf conjurers
  36 merfolk
  A rock worm (Vaults:3)
  7 war dogs
  17 vampire mosquitoes
  2 yaktaur zombies
  26 deep elf fighters
  7 fire drakes
  7 neqoxecs
  4 spatial vortices
  2 giant slug zombies
  9 deep elf summoners
  3 fire elementals (D:23)
  3 mottled dragons
  19 manticores
  An orange crystal statue (D:12)
  A necrophage (D:8)
  5 boulder beetles
  A yaktaur skeleton (Vaults:2)
  3 komodo dragon skeletons
  3 ice beasts
  9 deep elf priests
  3 cyclops skeletons
  13 small abominations
  2 tengu (D:14)
  A soldier ant (D:14)
  A hell hound (Abyss:1)
  6 black bears
  7 freezing wraiths
  A boulder beetle zombie (Vaults:3)
  6 sky beasts
  A wyvern skeleton (D:12)
  A yellow wasp (D:11)
  A phantom (D:8)
  A kobold demonologist (Vaults:2)
  9 laboratory rats (D:14)
  A troll zombie (D:15)
  A yak zombie (D:14)
  41 ogres
  9 giant goldfish
  5 boring beetles
  63 centaurs
  61 orc warriors
  4 big kobolds
  A troll skeleton (D:10)
  3 swamp drakes
  The ghost of Stendarr the Skirmisher, an average DsCK of Xom (D:3)
  3 boring beetles (shapeshifter)
  16 deep elf magi
  Duvessa (Orc:1)
  91 nagas
  A rotting devil (Elf:3)
  7 giant slugs
  13 wargs
  A centaur zombie (D:11)
  11 crocodiles
  40 water moccasins
  A big kobold (shapeshifter) (D:25)
  2 silver statues
  A water moccasin zombie (D:9)
  20 giant frogs
  5 brain worms
  5 agate snails
  3 giant frog skeletons
  Blork the orc (Orc:4)
  3 two-headed ogre skeletons
  3 jellyfish
  7 eyes of draining
  A killer bee zombie (D:6)
  A boulder beetle simulacrum (D:15)
  A vampire bat (Lair:2)
  16 killer bees
  8 quasits
  5 wights (D:9)
  12 electric eels
  A pulsating lump (Slime:3)
  A brain worm zombie (Abyss:3)
  A big kobold zombie (D:14)
  18 crimson imps
  Dowan (Orc:1)
  8 hounds
  10 big fish
  5 goliath beetles
  8 iron imps
  5 shadows
  A spider (D:26)
  A hound zombie (D:8)
  14 iguanas
  24 orc priests
  38 orc wizards
  3 scorpions
  9 worker ants
  7 porcupines
  29 deep elf soldiers
  An orange rat (shapeshifter) (D:21)
  19 sheep
  Jessica (D:2)
  A boggart (shapeshifter) (D:25)
  A steam dragon skeleton (D:9)
  14 jellies
  6 boggarts
  2 mummies
  35 green rats
  10 orc zombies
  9 lemures
  48 adders
  2 adder skeletons
  5 giant centipedes
  2 giant mites
  5 white imps
  10 shadow imps
  7 worms
  28 ufetubi
  2 spectral bats (Lair:2)
  3 bat skeletons (Lair:2)
  A bat zombie (Lair:2)
  8 fire bats
  9 giant eyeballs
  6 giant geckos
  8 oozes
  209 orcs
  31 bats
  A giant cockroach (D:8)
  14 hobgoblins
  18 jackals
  5 quokkas
  5 ball pythons
  A bat simulacrum (Lair:2)
  5 giant newts
  A giant spore (D:11)
  15 goblins
  7 illusory rakshasas
  33 kobolds
  3 orc skeletons
  A quokka skeleton (D:4)
  16 rats
  A rat zombie (D:5)
  4 ballistomycetes
  2 crawling corpses
  9 fungi
  15 plants
  3 starspawn tentacles
  3 tentacles (Shoals:1)
3236 creatures vanquished.

Vanquished Creatures (collateral kills)
  Mara (D:21)
  An illusory Mara (D:21)
  A lich (D:25)
  Nikola (D:14)
  2 Orb Guardians (Zot:5)
  A deep elf blademaster (Elf:2)
  A shadow dragon (D:25)
  Kirke (D:16)
  An Ice Fiend (Orc:1)
  A storm dragon (Snake:5)
  2 draconian monks
  4 vault wardens
  Maud (D:14)
  5 stone giants
  An azure jelly (Slime:6)
  A cacodemon (D:26)
  A draconian caller (Zot:3)
  A grey draconian (Zot:3)
  Jorgrun (Vaults:1)
  A deep elf annihilator (Elf:3)
  2 purple draconians
  A red draconian (Zot:3)
  A greater naga (Snake:4)
  2 mottled draconians
  4 deep elf sorcerers (Elf:3)
  A white draconian (Zot:3)
  A deep elf master archer (Elf:3)
  An ettin (D:26)
  A death cob (Zot:3)
  3 yaktaur captains
  2 ironheart preservers
  2 great orbs of eyes
  Erica (D:11)
  Josephine (Orc:4)
  4 hydras
  A merfolk aquamancer (Shoals:5)
  An ice dragon (D:23)
  3 death oozes (Slime:6)
  A deep troll earth mage (D:25)
  2 deep troll shamans
  2 ogre magi (Vaults:3)
  3 deep elf high priests (Elf:3)
  2 deep trolls
  5 very ugly things
  Nergalle (D:14)
  A stone giant skeleton (D:18)
  4 centaur warriors
  4 death drakes
  A large abomination (D:17)
  2 ice devils
  6 deep elf knights
  An iron troll (Vaults:1)
  A naga warrior (Snake:5)
  A sea snake (Shoals:2)
  A giant amoeba (Slime:5)
  A necromancer (D:22)
  A hill giant (Vaults:1)
  3 harpies (Vaults:2)
  A wolf spider simulacrum (Vaults:2)
  A red wasp (D:19)
  3 wolf spiders
  3 orc knights
  4 griffons
  A fire crab (Vaults:4)
  A black mamba (Lair:2)
  A fire giant simulacrum (D:23)
  4 elephants
  2 orange demons (Elf:3)
  A feature mimic (Lair:6)
  A slime creature (Slime:5)
  3 hellwings
  A spiny frog (Lair:6)
  9 yaktaurs
  2 naga magi (Snake:5)
  A smoke demon (Zot:3)
  30 ugly things
  3 komodo dragons
  A blink frog (Lair:3)
  A two-headed ogre (D:9)
  2 basilisks
  A grizzly bear (Lair:8)
  A wraith (Vaults:1)
  A blue devil (Elf:3)
  A jumping spider (shapeshifter) (Vaults:4)
  3 laboratory rats (D:14)
  A wyvern (D:17)
  5 yaks
  2 hogs (D:16)
  A vampire (D:17)
  2 chaos spawn
  An elf (shapeshifter) (Vaults:3)
  2 merfolk
  A neqoxec (Elf:3)
  A shark (Shoals:4)
  A ynoxinul (Elf:3)
  2 deep elf fighters (Elf:3)
  2 war dogs (Lair:8)
  8 vampire mosquitoes
  2 fire drakes
  3 small abominations
  A mottled dragon (Zot:4)
  A swamp drake (Zot:3)
  A deep elf priest (Elf:3)
  10 orc warriors
  6 ogres
  3 red devils
  A deep elf mage (Elf:2)
  8 centaurs
  A crocodile (Lair:2)
  5 nagas
  A rotting devil (Elf:3)
  3 wargs
  A giant slug (Lair:8)
  A giant frog (D:14)
  3 big kobolds
  An agate snail (Lair:3)
  A jellyfish (D:16)
  8 killer bees
  2 ogre zombies (Orc:4)
  A mottled dragon zombie (D:16)
  2 crimson imps
  2 starcursed masses (Abyss:1)
  A hound (D:9)
  4 orc priests
  A quasit (Zot:4)
  An orc wizard (Orc:4)
  6 deep elf soldiers
  6 sheep
  2 lemures
  4 gnolls (D:9)
  A green rat (Lair:7)
  9 orc zombies
  An adder (Lair:3)
  5 ufetubi
  6 orcs
  2 kobolds
  A quokka (Lair:3)
  A hobgoblin zombie (Orc:4)
  3 crawling corpses
  A fungus (Lair:3)
  3 plants
342 creatures vanquished.

Vanquished Creatures (others)
  An orb of fire (Zot:5)
  Margery (D:22)
  A shadow dragon (Zot:5)
  A draconian monk (Zot:5)
  19 balrugs
  13 Executioners
  2 draconian scorchers (Zot:5)
  A draconian knight (Zot:5)
  A draconian annihilator (Zot:1)
  A fire giant (D:25)
  A pale draconian (Zot:5)
  6 cacodemons
  2 grey draconians (Zot:5)
  A draconian caller (Zot:5)
  12 reapers
  A dragon (Slime:6)
  An ogre mage (D:22)
  A death cob (Zot:2)
  A shadow dragon zombie (Zot:5)
  A rakshasa (D:16)
  An orc high priest (Vaults:1)
  8 sun demons
  11 soul eaters
  A stone giant skeleton (D:17)
  3 deep elf knights
  14 ice devils
  A death drake (Zot:5)
  An unseen horror (D:16)
  An ironbrand convoker (Vaults:4)
  13 sixfirhies
  2 moths of wrath (Zot:5)
  A black mamba (Snake:5)
  3 dancing weapons
  A yaktaur (Vaults:3)
  A hellwing (D:18)
  3 ugly things (D:18)
  21 smoke demons
  A two-headed ogre (D:22)
  A blue devil (Vaults:1)
  A chaos spawn (Vaults:1)
  A hippogriff (Lair:3)
  3 redbacks (D:23)
  A spiny worm simulacrum (Vaults:1)
  A hippogriff (shapeshifter) (D:22)
  A deep elf fighter (D:23)
  A deep elf conjurer (Vaults:4)
  A fire drake (Zot:4)
  A necrophage (D:14)
  A red devil (Vaults:1)
  An ice beast (D:13)
  2 ogres (D:22)
  An orc warrior (Vaults:1)
  A swamp drake (Zot:5)
  A centaur (Vaults:4)
  A rotting devil (Zot:5)
  A naga (Snake:5)
  A warg (Vaults:1)
  A big kobold (D:9)
  A wolf (Lair:5)
  A giant frog (D:9)
  3 water moccasins
  A jellyfish (Zot:5)
  38 crimson imps
  An electric eel (Zot:4)
  A spider (shapeshifter) (Vaults:4)
  40 iron imps
  14 quasits
  An orc priest (Vaults:1)
  A big fish (Zot:5)
  2 orc wizards
  3 deep elf soldiers
  A sheep (Lair:6)
  A big fish skeleton (Zot:5)
  A jelly (Abyss:1)
  41 lemures
  2 adders (Snake:5)
  A human (D:6)
  8 shadow imps
  50 white imps
  A worm (D:9)
  58 ufetubi
  A grey rat (D:23)
  5 orcs
  A bat (D:9)
  A giant newt (D:1)
  2 giant spores
  A goblin (Orc:2)
  4 jackals
  3 kobolds (D:10)
  A lurking horror (Abyss:3)
  A quokka (Lair:2)
  3 rats
  A bush (D:16)
  17 fungi
  10 plants
  6 starspawn tentacles
  40 starspawn tentacle segments
  4 tentacles (Shoals:1)
  108 tentacle segments (Shoals:1)
658 creatures vanquished.

Grand Total: 4236 creatures vanquished

Notes
Turn   | Place    | Note
--------------------------------------------------------------
     0 | D:1      | Stendarr, the Demonspawn Chaos Knight, began the quest for the Orb.
     0 | D:1      | Reached XP level 1. HP: 16/16 MP: 1/1
    39 | D:1      | XOM: miscast effect
   112 | D:1      | XOM: potion effect (experience)
   112 | D:1      | Reached skill level 7 in Polearms
   112 | D:1      | Gained mutation: You are partially covered in iridescent scales (AC +4). [demonic ancestry]
   112 | D:1      | Reached XP level 2. HP: 19/22 MP: 2/2
   187 | D:1      | XOM: miscast effect
   477 | D:2      | Gained mutation: You are mostly covered in iridescent scales (AC +6). [demonic ancestry]
   477 | D:2      | Reached XP level 3. HP: 28/28 MP: 3/3
   626 | D:2      | Noticed Jessica
   672 | D:2      | Killed Jessica
   815 | D:2      | Gained mutation: You can steal the life force of nearby defeated enemies. [demonic ancestry]
   815 | D:2      | Reached XP level 4. HP: 26/34 MP: 4/4
   847 | D:2      | XOM: miscast effect
   897 | D:2      | XOM: give mutation
   897 | D:2      | Gained mutation: Your body is slowly deteriorating. [Xom's mischief]
  1288 | D:3      | XOM: miscast effect
  1292 | D:3      | XOM: miscast effect
  1367 | D:3      | Reached XP level 5. HP: 37/39 MP: 5/5
  1448 | D:3      | XOM: miscast effect
  1474 | D:3      | XOM: enchant monster (good)
  1605 | D:3      | Noticed Stendarr's ghost (average DsCK)
  1611 | D:3      | XOM: miscast effect
  1628 | D:3      | XOM: cast spell 'Warp Weapon'
  1644 | D:3      | XOM: noise
  1655 | D:3      | XOM: draining
  1821 | D:3      | XOM: miscast effect
  1877 | D:3      | Reached skill level 8 in Polearms
  1915 | D:3      | XOM: miscast effect
  1974 | D:3      | XOM: miscast effect
  1985 | D:3      | XOM: god gift: iron wand {god gift}
  1989 | D:3      | Killed Stendarr's ghost
  2039 | D:3      | Found a bloodstained altar of Trog.
  2141 | D:3      | XOM: god gift: 2060 gold pieces
  2143 | D:3      | thanks xom
  2175 | D:4      | Reached XP level 6. HP: 29/46 MP: 6/6
  2213 | D:3      | XOM: scenery: 2 doors close
  2327 | D:4      | XOM: god gift: wand of cold {god gift}
  2525 | D:4      | XOM: enchant monster (good)
  2539 | D:4      | XOM: miscast effect
  2776 | D:4      | Reached skill level 1 in Dodging
  2891 | D:5      | Entered Level 5 of the Dungeon
  2910 | D:5      | Gained mutation: You have sharp toenails. [demonic ancestry]
  2910 | D:5      | Reached XP level 7. HP: 51/51 MP: 7/7
  2933 | D:5      | Found a deep blue altar of Sif Muna.
  2949 | D:5      | XOM: divination: detect creatures
  2956 | D:5      | XOM: cast spell 'Cause Fear'
  3073 | D:5      | XOM: noise
  3095 | D:5      | XOM: cast spell 'Tukima's Dance'
  3165 | D:5      | Paralysed by a giant eyeball for 3 turns
  3176 | D:5      | Paralysed by a giant eyeball for 4 turns
  3184 | D:5      | Paralysed by a giant eyeball for 2 turns
  3231 | D:5      | XOM: blink monster(s)
  3233 | D:5      | XOM: potion effect (berserk)
  3352 | D:5      | Learned a level 1 spell: Sting
  3420 | D:5      | XOM: noise
  3474 | D:5      | Found a glowing golden altar of the Shining One.
  3557 | D:5      | Found a staircase to the Ecumenical Temple.
  3563 | D:5      | XOM: miscast effect
  3692 | D:5      | Noticed a troll
  3813 | D:5      | XOM: summons 3 hostile demons
  3858 | D:5      | Reached skill level 1 in Conjurations
  3858 | D:5      | Gained mutation: You can steal the life force of defeated enemies. [demonic ancestry]
  3858 | D:5      | Gained mutation: You resist negative energy. [demonic ancestry]
  3858 | D:5      | Reached XP level 8. HP: 47/58 MP: 8/8
  3969 | D:5      | XOM: colour smoke trail
  4105 | D:6      | Found a glowing golden altar of the Shining One.
  4115 | D:6      | XOM: miscast effect
  4138 | D:6      | Found an ancient bone altar of Kikubaaqudgha.
  4570 | D:7      | XOM: miscast effect
  4605 | D:7      | Found a glowing silver altar of Zin.
  4660 | D:7      | Found a snail-covered altar of Cheibriados.
  4686 | D:7      | Learned a level 3 spell: Mephitic Cloud
  4706 | D:7      | Found a shattered altar of Ashenzari.
  4764 | D:7      | XOM: blink monster(s)
  4795 | D:7      | XOM: miscast effect
  4815 | D:7      | Found a white marble altar of Elyvilon.
  4852 | D:7      | Noticed a five-headed hydra zombie
  4878 | D:7      | XOM: cast spell 'Stoneskin'
  4895 | D:7      | Killed a five-headed hydra zombie
  4895 | D:7      | Reached skill level 5 in Conjurations
  4895 | D:7      | Reached XP level 9. HP: 23/63 MP: 9/9
  4938 | D:7      | XOM: cast spell 'Flight'
  5062 | D:7      | XOM: colour smoke trail
  5102 | D:7      | XOM: divination: detect creatures
  5224 | D:7      | Gained mutation: Your vision is a little blurry. [mutagenic meat]
  5225 | D:7      | Gained mutation: You are weak (Str -1). [mutagenic meat]
  5226 | D:7      | Gained mutation: You are completely covered in iridescent scales (AC +8). [mutagenic meat]
  5227 | D:7      | Lost mutation: You are completely covered in iridescent scales (AC +8). [potion of cure mutation]
  5227 | D:7      | Lost mutation: You are weak (Str -1). [potion of cure mutation]
  5227 | D:7      | Lost mutation: Your vision is a little blurry. [potion of cure mutation]
  5428 | D:8      | XOM: summons friendly white imp
  5585 | D:8      | Found a staircase to the Lair.
  5683 | D:8      | XOM: 2-stop teleportation journey
  5782 | D:8      | XOM: enchant monster (good)
  5885 | D:8      | XOM: scenery: create altars
  6173 | D:8      | XOM: confuse monster(s)
  6787 | D:6      | XOM: cast spell 'Beastly Appendage'
  6814 | D:7      | Paralysed by a giant eyeball for 4 turns
  6912 | D:9      | Found a shimmering altar of Xom.
  6931 | D:9      | Reached skill level 9 in Polearms
  6935 | D:9      | XOM: confuse monster(s)
  7012 | D:9      | XOM: inner flame monster(s)
  7031 | D:9      | Reached XP level 10. HP: 38/69 MP: 5/10
  7191 | D:9      | Got a pair of faintly glowing gloves
  7194 | D:9      | Identified the cursed -5 pair of gloves of Klesi {Str-4 Int+1} (You found it on level 9 of the Dungeon)
  7323 | D:9      | XOM: 3-stop teleportation journey
  7335 | D:9      | XOM: vitrification
  7338 | D:9      | XOM: miscast effect
  7348 | D:9      | XOM: confuse monster(s)
  7391 | D:9      | XOM: swap monsters
  7424 | D:9      | XOM: summons friendly ufetubus
  7470 | D:9      | XOM: colour smoke trail
  7528 | D:9      | Reached skill level 10 in Polearms
  7574 | D:9      | XOM: confuse monster(s)
  7577 | D:9      | XOM: divination: detect items
  7599 | D:9      | XOM: polymorph yak -> spriggan
  7813 | D:9      | XOM: god gift: pair of glowing boots {god gift}
  7817 | D:9      | Identified a +2 pair of boots of running (Xom gifted it to you on level 9 of the Dungeon)
  7818 | D:9      | thanks xom!
  8016 | D:9      | XOM: god gift: scroll of teleportation
  8131 | D:9      | XOM: cast spell 'Beastly Appendage'
  8169 | D:10     | Entered Level 10 of the Dungeon
  8217 | Lair:1   | Entered Level 1 of the Lair of Beasts
  8239 | Lair:1   | XOM: enchant monster (good)
  8247 | Lair:1   | XOM: give mutation
  8247 | Lair:1   | Gained mutation: You are agile (Dex +1). [Xom's grace]
  8277 | Lair:1   | Reached skill level 11 in Polearms
  8301 | Lair:1   | XOM: miscast effect
  8345 | Lair:1   | XOM: cast spell 'Statue Form'
  8384 | Lair:1   | XOM: divination: detect items
  8455 | Lair:1   | Noticed a griffon
  8460 | Lair:1   | XOM: potion effect (speed)
  8474 | Lair:1   | Killed a griffon
  8622 | Lair:1   | XOM: confuse monster(s)
  8637 | Lair:1   | XOM: miscast effect
  8661 | Lair:1   | XOM: swap monsters
  8945 | Lair:1   | XOM: divination: detect creatures
  9156 | Lair:1   | XOM: enchant monster (good)
  9169 | Lair:1   | XOM: polymorph hippogriff -> fire drake
  9179 | Lair:1   | XOM: inner flame monster(s)
  9189 | Lair:1   | XOM: potion effect (agility)
  9238 | Lair:1   | XOM: potion effect (heal wounds)
  9246 | Lair:1   | XOM: enchant monster (good)
  9249 | Lair:1   | XOM: summons friendly white imp
  9254 | Lair:1   | Reached skill level 12 in Polearms
  9302 | Lair:1   | XOM: enchant monster (bad)
  9334 | Lair:1   | XOM: summons 4 friendly demons
  9342 | Lair:1   | XOM: blink monster(s)
  9349 | Lair:1   | XOM: confuse monster(s)
  9389 | Lair:1   | XOM: noise
  9411 | Lair:1   | XOM: summons 2 hostile shadow creatures
  9611 | Lair:1   | Gained mutation: A weak demonic guardian rushes to your aid. [demonic ancestry]
  9611 | Lair:1   | Reached XP level 11. HP: 75/75 MP: 11/11
  9802 | Lair:2   | XOM: colour smoke trail
  9838 | Lair:2   | XOM: noise
  9854 | Lair:2   | XOM: miscast effect
  9863 | Lair:2   | XOM: blink monster(s)
  9908 | Lair:2   | XOM: enchant monster (bad)
  9924 | Lair:2   | Reached skill level 13 in Polearms
  9993 | Lair:2   | XOM: cast spell 'Lethal Infusion'
 10101 | Lair:2   | XOM: give mutations
 10101 | Lair:2   | Gained mutation: You are agile (Dex +2). [Xom's mischief]
 10101 | Lair:2   | Lost mutation: You are agile (Dex +2). [Xom's mischief]
 10131 | Lair:2   | XOM: 6-stop teleportation journey
 10193 | Lair:2   | XOM: 9-stop teleportation journey
 10216 | Lair:2   | XOM: 1-stop teleportation journey
 10273 | Lair:2   | XOM: confusion (+ monsters)
 10277 | Lair:2   | XOM: confusion (+ monsters)
 10284 | Lair:2   | XOM: noise
 10496 | Lair:2   | XOM: noise
 10759 | Lair:2   | XOM: vitrification
 10766 | Lair:2   | XOM: colour smoke trail
 10770 | Lair:2   | XOM: miscast effect
 10808 | Lair:2   | XOM: miscast effect
 10937 | Lair:2   | XOM: god gift: potion of flight
 11017 | Lair:2   | XOM: god gift: legendary deck of cards {god gift}
 11442 | Lair:3   | XOM: confuse monster(s)
 11448 | Lair:3   | XOM: 8-stop teleportation journey
 11519 | Lair:3   | XOM: summons friendly shadow imp
 11529 | Lair:3   | Reached skill level 14 in Polearms
 11530 | Lair:3   | XOM: enchant monster (good)
 11565 | Lair:3   | XOM: 4-stop teleportation journey
 11600 | Lair:3   | XOM: divine lightning
 11647 | Lair:3   | XOM: cast spell 'Poison Weapon'
 11650 | Lair:3   | XOM: potion effect (agility)
 11681 | Lair:3   | XOM: cast spell 'Summon Ice Beast'
 12153 | Lair:3   | XOM: summons friendly ufetubus
 12155 | Lair:3   | XOM: confuse monster(s)
 12183 | Lair:3   | XOM: enchant monster (good)
 12223 | Lair:3   | XOM: confuse monster(s)
 12229 | Lair:3   | XOM: inner flame monster(s)
 12236 | Lair:3   | XOM: confuse monster(s)
 12363 | Lair:3   | Reached skill level 15 in Polearms
 12385 | Lair:3   | XOM: noise
 12405 | Lair:3   | XOM: miscast effect
 12597 | Lair:3   | XOM: miscast effect
 12779 | Lair:4   | Noticed a seven-headed hydra
 12780 | Lair:4   | XOM: miscast effect
 13430 | Lair:4   | XOM: polymorph plant -> plant
 13564 | Lair:4   | Noticed a four-headed hydra
 13576 | Lair:4   | Killed a four-headed hydra
 13707 | Lair:4   | XOM: miscast effect
 14353 | Lair:5   | XOM: give mutations
 14353 | Lair:5   | Gained mutation: You are frail (-10% HP). [Xom's mischief]
 14353 | Lair:5   | Gained mutation: Your body is deteriorating. [Xom's mischief]
 14356 | Lair:5   | XOM: draining
 14541 | Lair:5   | XOM: cast spell 'Call Canine Familiar'
 14651 | Lair:5   | XOM: summons friendly ufetubus
 14667 | Lair:5   | XOM: confusion (+ monsters)
 14727 | Lair:5   | Found a staircase to the Shoals.
 14727 | Lair:5   | Found a staircase to the Snake Pit.
 14727 | Lair:5   | XOM: 7-stop teleportation journey
 14752 | Lair:5   | XOM: god gift: fluorescent wand {god gift}
 14759 | Lair:5   | XOM: miscast effect
 14771 | Lair:5   | XOM: miscast effect
 14775 | Lair:5   | XOM: enchant monster (bad)
 14777 | Lair:5   | XOM: 7-stop teleportation journey
 14909 | Lair:5   | XOM: 4-stop teleportation journey
 14958 | Lair:5   | XOM: miscast effect
 15060 | Lair:5   | XOM: noise
 15067 | Lair:5   | XOM: miscast effect
 15071 | Lair:5   | XOM: enchant monster (bad)
 15084 | Lair:5   | XOM: summons 5 hostile demons
 15103 | Lair:5   | XOM: 5-stop teleportation journey
 15244 | Lair:5   | XOM: summons 3 friendly demons
 15249 | Lair:5   | Reached skill level 16 in Polearms
 15251 | Lair:5   | XOM: potion effect (invisibility)
 15263 | Lair:5   | XOM: enchant monster (good)
 15270 | Lair:5   | Reached XP level 12. HP: 72/72 MP: 5/12
 15275 | Lair:5   | XOM: enchant monster (good)
 15278 | Lair:5   | XOM: divination: detect creatures
 15280 | Lair:5   | XOM: potion effect (brilliance)
 15445 | Lair:5   | XOM: miscast effect
 15459 | Lair:5   | XOM: miscast effect
 15464 | Lair:5   | XOM: noise
 15474 | Lair:5   | XOM: summons friendly white imp
 15484 | Lair:5   | XOM: confuse monster(s)
 15492 | Lair:5   | XOM: enchant monster (good)
 15493 | Lair:5   | XOM: noise
 15507 | Lair:5   | XOM: potion effect (might)
 15512 | Lair:5   | XOM: miscast effect
 15524 | Lair:5   | Reached skill level 10 in Conjurations
 15530 | Lair:5   | XOM: confusion
 15872 | Lair:6   | XOM: noise
 15879 | Lair:6   | XOM: miscast effect
 15881 | Lair:6   | Noticed a seven-headed hydra
 15885 | Lair:6   | a seven-headed hydra changed into a spiny worm
 15958 | Lair:6   | XOM: enchant monster (bad)
 15980 | Lair:6   | Reached skill level 1 in Shields
 16101 | Lair:6   | XOM: inner flame monster(s)
 16197 | Lair:6   | XOM: god gift: crude pewter ring {god gift}
 16198 | Lair:6   | Got a crude pewter ring {god gift}
 16201 | Lair:6   | Identified the ring "Arycoi" {rN+ Str+4 Dex+5} (Xom gifted it to you on level 6 of the Lair of Beasts)
 16351 | Lair:6   | XOM: potion effect (brilliance)
 16475 | Lair:6   | XOM: miscast effect
 16625 | Lair:6   | Lost mutation: Your body is deteriorating. [potion of cure mutation]
 16625 | Lair:6   | Lost mutation: You are frail (-10% HP). [potion of cure mutation]
 16895 | Lair:6   | Found a viscous altar of Jiyva.
 16896 | Lair:6   | Found a staircase to the Slime Pits.
 16921 | Lair:6   | XOM: scenery: 1 doors close
 16958 | Lair:6   | Reached skill level 5 in Fighting
 17112 | Lair:6   | XOM: scenery: 1 doors open
 17276 | Lair:7   | XOM: summons friendly white imp
 17304 | Lair:7   | Killed a seven-headed hydra
 17615 | Lair:7   | XOM: divination: detect creatures
 17791 | Lair:7   | XOM: inner flame monster(s)
 17828 | Lair:7   | XOM: enchant monster (good)
 17830 | Lair:7   | XOM: 1-stop teleportation journey
 18423 | Lair:4   | XOM: colour smoke trail
 18520 | Lair:7   | XOM: miscast effect
 19002 | Lair:8   | Entered Level 8 of the Lair of Beasts
 19064 | Lair:8   | XOM: god gift: 48 gold pieces
 19102 | Lair:8   | XOM: divine lightning
 19237 | Lair:8   | XOM: cast spell 'Flight'
 19336 | Lair:8   | XOM: divination: magic mapping
 19397 | Lair:8   | XOM: 3-stop teleportation journey
 19426 | Lair:8   | XOM: miscast effect
 19446 | Lair:8   | XOM: divination: detect creatures
 19461 | Lair:8   | XOM: confuse monster(s)
 19677 | Lair:8   | XOM: confuse monster(s)
 19689 | Lair:8   | XOM: potion effect (invisibility)
 19714 | Lair:8   | XOM: confuse monster(s)
 19735 | Lair:8   | XOM: confuse monster(s)
 19754 | Lair:8   | XOM: enchant monster (good)
 19761 | Lair:8   | Reached skill level 10 in Fighting
 19828 | Lair:8   | XOM: noise
 19836 | Lair:8   | XOM: cast spell 'Poison Weapon'
 19837 | Lair:8   | XOM: enchant monster (good)
 19840 | Lair:8   | Gained mutation: You can steal the life force of all defeated enemies in sight. [demonic ancestry]
 19840 | Lair:8   | Reached XP level 13. HP: 98/98 MP: 13/13
 19846 | Lair:8   | XOM: cast spell 'Olgreb's Toxic Radiance'
 19847 | Lair:8   | XOM: enchant monster (good)
 19868 | Lair:8   | XOM: polymorph plant -> oklob plant
 19877 | Lair:8   | XOM: cast spell 'Ring of Flames'
 19944 | Lair:8   | XOM: enchant monster (good)
 20014 | Lair:8   | XOM: confuse monster(s)
 20114 | Lair:8   | XOM: miscast effect
 20292 | Lair:8   | XOM: summons 8 friendly demons
 20320 | Lair:8   | XOM: inner flame monster(s)
 20343 | Lair:8   | XOM: divination: detect creatures
 20346 | Lair:8   | XOM: polymorph crimson imp -> quasit
 20352 | Lair:8   | XOM: summons friendly quasit
 20356 | Lair:8   | XOM: potion effect (heal wounds)
 20754 | Lair:8   | XOM: enchant monster (good)
 20778 | Lair:8   | XOM: enchant monster (good)
 20814 | Lair:8   | XOM: summons 2 friendly demons
 20933 | Lair:8   | XOM: miscast effect
 21052 | Lair:7   | XOM: god gift: bread ration
 21315 | D:10     | Noticed Sonja
 21317 | D:10     | XOM: summons friendly white imp
 21382 | D:10     | Killed Sonja
 21524 | D:10     | XOM: potion effect (invisibility)
 21530 | D:10     | XOM: summons 2 friendly demons
 21644 | D:10     | Found a shattered altar of Ashenzari.
 21672 | D:10     | Noticed a hill giant
 21674 | D:10     | XOM: enchant monster (good)
 21676 | D:10     | XOM: enchant monster (good)
 21717 | D:10     | Killed a hill giant
 21759 | D:10     | XOM: miscast effect
 21851 | D:10     | Found a staircase to the Orcish Mines.
 22018 | D:11     | Paralysed by a giant eyeball for 3 turns
 22124 | D:11     | Found a labyrinth entrance.
 22125 | D:11     | XOM: 4-stop teleportation journey
 22145 | D:11     | Noticed a five-headed hydra
 22150 | D:11     | XOM: polymorph crimson imp -> iron imp
 22165 | D:11     | XOM: 4-stop teleportation journey
 22166 | D:11     | Noticed Erica
 22170 | D:11     | XOM: noise
 22172 | D:11     | XOM: enchant monster (bad)
 22300 | D:11     | Killed Erica
 22311 | Lab      | Entered a labyrinth
 22586 | Lab      | Noticed a minotaur
 22589 | Lab      | XOM: miscast effect
 22623 | Lab      | Killed a minotaur
 22637 | Lab      | Learned a level 2 spell: Repel Missiles
 22640 | Lab      | Learned a level 2 spell: Call Imp
 22641 | Lab      | XOM: noise
 22643 | Lab      | Learned a level 2 spell: Blink
 22766 | D:9      | XOM: noise
 22915 | D:11     | Killed a hydra
 22981 | D:11     | XOM: miscast effect
 23399 | D:11     | XOM: give mutation
 23399 | D:11     | Gained mutation: Your muscles are strong, but stiff (Str +1, Dex -1). [Xom's mischief]
 23616 | D:11     | XOM: noise
 23843 | D:12     | Gained mutation: You have a fast metabolism. [a neqoxec]
 23884 | D:12     | XOM: swap monsters
 24090 | D:12     | XOM: give mutations
 24090 | D:12     | Gained mutation: Your vision is a little blurry. [Xom's mischief]
 24090 | D:12     | Gained mutation: You are resistant to hostile enchantments. [Xom's mischief]
 24090 | D:12     | Lost mutation: Your body is slowly deteriorating. [Xom's mischief]
 24095 | D:12     | XOM: noise
 24096 | D:12     | XOM: inner flame monster(s)
 24274 | D:12     | Reached skill level 5 in Shields
 24342 | D:12     | XOM: noise
 24348 | D:12     | XOM: give mutations
 24348 | D:12     | Gained mutation: You are robust (+10% HP). [Xom's grace]
 24348 | D:12     | Gained mutation: You can translocate small distances at will. [Xom's grace]
 24348 | D:12     | Gained mutation: Your system is resistant to poisons. [Xom's grace]
 24462 | D:12     | Noticed Erolcha
 24463 | D:12     | XOM: blink monster(s)
 24483 | D:12     | Killed Erolcha
 24483 | D:12     | Reached skill level 5 in Evocations
 24563 | D:12     | XOM: divination: detect creatures
 24573 | D:12     | XOM: noise
 24605 | D:12     | XOM: cast spell 'Lethal Infusion'
 24865 | D:11     | XOM: miscast effect
 25248 | D:11     | XOM: inner flame monster(s)
 25462 | D:12     | XOM: enchant monster (good)
 25558 | D:12     | XOM: miscast effect
 25563 | D:12     | XOM: potion effect (might)
 25639 | D:12     | XOM: god gift: 49 gold pieces
 25944 | D:12     | XOM: divination: detect creatures
 26060 | D:13     | Reached XP level 14. HP: 119/122 MP: 20/25
 26228 | D:13     | XOM: confuse monster(s)
 26347 | D:13     | XOM: blink monster(s)
 26359 | D:13     | Gained mutation: You can spit poison. [mutagenic meat]
 26360 | D:13     | Lost mutation: You are robust (+10% HP). [mutagenic meat]
 26492 | D:13     | XOM: cast spell 'Summon Ice Beast'
 26917 | D:14     | Entered Level 14 of the Dungeon
 26921 | D:14     | XOM: confuse monster(s)
 26932 | D:14     | XOM: potion effect (berserk)
 26934 | D:14     | XOM: summons friendly ufetubus
 27018 | D:14     | Noticed Nergalle
 27026 | D:14     | XOM: polymorph iron imp -> quasit
 27031 | D:14     | XOM: summons 8 friendly demons
 27037 | D:14     | Killed Nergalle
 27064 | D:14     | Reached skill level 10 in Evocations
 27347 | D:14     | XOM: summons friendly crimson imp
 27348 | D:14     | XOM: inner flame monster(s)
 27359 | D:14     | Noticed Maud
 27577 | D:13     | XOM: give mutations
 27577 | D:13     | Gained mutation: You can breathe flames. [Xom's grace]
 27577 | D:13     | Lost mutation: You have a fast metabolism. [Xom's grace]
 27577 | D:13     | Gained mutation: You are highly resistant to hostile enchantments. [Xom's grace]
 27639 | D:14     | Got a blackened book
 27646 | D:14     | Identified the Handbook of Aerial Conjuration (You found it on level 14 of the Dungeon)
 27649 | D:14     | Learned a level 2 spell: Swiftness
 27652 | D:14     | XOM: vitrification
 27653 | D:14     | Gained mutation: You are dopey (Int -1). [mutated laboratory rat's mutagenic touch]
 27677 | D:14     | Reached skill level 5 in Armour
 27681 | D:14     | XOM: inner flame monster(s)
 27725 | D:14     | Reached skill level 1 in Charms
 27851 | D:14     | Gained mutation: Your digestive system is specialised to digest meat. [mutagenic meat]
 27853 | D:14     | Gained mutation: You are somewhat resistant to further mutation. [mutagenic meat]
 27889 | D:14     | XOM: god gift: scroll of noise
 27980 | D:14     | XOM: vitrification
 28035 | D:14     | XOM: polymorph something unseen -> brown ooze
 28134 | D:14     | XOM: divination: detect items
 28136 | D:14     | XOM: god gift: scroll of fog
 28149 | D:14     | XOM: summons 5 friendly demons
 28230 | D:14     | XOM: enchant monster (good)
 28364 | D:14     | Killed Maud
 28481 | D:14     | Noticed Nikola
 28485 | D:14     | XOM: enchant monster (good)
 28489 | D:14     | XOM: enchant monster (bad)
 28493 | D:14     | XOM: miscast effect
 28501 | D:14     | XOM: confuse monster(s)
 28507 | D:14     | XOM: summons friendly crimson imp
 28516 | D:14     | XOM: noise
 28519 | D:14     | XOM: divination: detect creatures
 28654 | D:14     | XOM: cast spell 'Stoneskin'
 28663 | D:14     | XOM: inner flame monster(s)
 28669 | D:14     | XOM: confuse monster(s)
 28673 | D:14     | XOM: summons 9 friendly demons
 28681 | D:14     | XOM: polymorph crimson imp -> quasit
 28697 | D:14     | Killed Nikola
 28809 | D:14     | XOM: miscast effect
 28906 | D:14     | Learned a level 1 spell: Apportation
 29001 | D:15     | Entered Level 15 of the Dungeon
 29023 | D:15     | XOM: noise
 29082 | D:15     | Noticed Fannar
 29083 | D:15     | XOM: summons friendly crimson imp
 29084 | D:15     | XOM: confuse monster(s)
 29103 | D:15     | Killed Fannar
 29224 | D:12     | XOM: miscast effect
 29529 | D:14     | XOM: give mutation
 29529 | D:14     | Lost mutation: You can spit poison. [Xom's mischief]
 29549 | D:14     | XOM: confusion
 29562 | D:14     | XOM: miscast effect
 29723 | D:14     | XOM: miscast effect
 29912 | D:15     | Found Brofamor's General Store.
 29916 | D:15     | XOM: cast spell 'Beastly Appendage'
 30066 | D:15     | XOM: noise
 30070 | D:15     | XOM: potion effect (speed)
 30115 | D:15     | Lost mutation: Your vision is a little blurry. [mutagenic meat]
 30200 | D:15     | XOM: miscast effect
 30229 | D:15     | XOM: inner flame monster(s)
 30294 | D:15     | XOM: confusion
 30297 | D:15     | XOM: blink monster(s)
 30308 | D:15     | XOM: confuse monster(s)
 30336 | D:15     | XOM: summons 5 friendly demons
 30370 | D:15     | Gained mutation: You are covered in fur (AC +1). [mutagenic meat]
 30371 | D:15     | Gained mutation: You tend to lose your temper in combat. [mutagenic meat]
 30538 | D:15     | XOM: miscast effect
 30588 | D:15     | XOM: confuse monster(s)
 30599 | D:15     | XOM: polymorph crimson imp -> white imp
 30637 | D:15     | XOM: enchant monster (good)
 30832 | D:15     | XOM: miscast effect
 30865 | D:16     | XOM: blink monster(s)
 30924 | D:16     | XOM: 1-stop teleportation journey
 30948 | D:16     | XOM: chaos upgrade
 31138 | D:16     | XOM: miscast effect
 31155 | D:16     | XOM: miscast effect
 31204 | D:16     | Found a glowing silver altar of Zin.
 31268 | D:16     | XOM: noise
 31271 | D:16     | XOM: noise
 31290 | D:16     | XOM: confuse monster(s)
 31489 | D:16     | XOM: miscast effect
 31491 | D:16     | Gained mutation: A demonic guardian rushes to your aid. [demonic ancestry]
 31491 | D:16     | Reached XP level 15. HP: 104/115 MP: 28/28
 31559 | D:16     | Noticed Kirke
 31563 | D:16     | XOM: divination: detect items
 31576 | D:16     | XOM: divination: detect creatures
 31618 | D:16     | XOM: divination: magic mapping
 31652 | D:16     | XOM: miscast effect
 31663 | D:16     | XOM: divination: detect items
 31679 | D:16     | XOM: miscast effect
 31681 | D:16     | XOM: blink monster(s)
 31686 | D:16     | Killed Kirke
 31686 | D:16     | Reached skill level 15 in Fighting
 31796 | D:16     | XOM: cast spell 'Shadow Creatures'
 31956 | D:16     | XOM: miscast effect
 32318 | D:17     | XOM: divination: detect items
 32482 | D:17     | XOM: summons 2 friendly demons
 32505 | D:17     | Found a one-way gate to the infinite horrors of the Abyss.
 32641 | D:17     | XOM: noise
 32669 | D:17     | XOM: miscast effect
 32897 | D:17     | XOM: colour smoke trail
 33072 | D:17     | XOM: confuse monster(s)
 33087 | D:17     | XOM: noise
 33146 | D:17     | XOM: cast spell 'Dispersal'
 33204 | D:17     | Gained mutation: You have a fast metabolism. [mutagenic meat]
 33259 | D:17     | Identified a scroll of acquirement
 33347 | D:17     | XOM: potion effect (curing)
 33408 | D:17     | XOM: cast spell 'Cause Fear'
 33435 | D:17     | XOM: miscast effect
 33621 | D:17     | Reached skill level 17 in Fighting
 33627 | D:17     | Found a portal to a secret trove of treasure.
 33783 | D:17     | XOM: miscast effect
 33960 | D:18     | XOM: miscast effect
 33972 | D:18     | Reached skill level 5 in Dodging
 34076 | D:18     | Found a snail-covered altar of Cheibriados.
 34115 | D:18     | XOM: divination: magic mapping
 34126 | D:18     | XOM: enchant monster (good)
 34128 | D:18     | XOM: divination: magic mapping
 34133 | D:18     | Got a pair of ancient boots
 34137 | D:18     | Identified the +1 pair of boots "Pnask" {rPois rF+ Dam-4} (You acquired it on level 18 of the Dungeon)
 34158 | D:18     | XOM: miscast effect
 34567 | D:18     | XOM: polymorph troll -> eye of draining
 34665 | D:18     | Got a warped granite ring
 34730 | D:18     | XOM: summons friendly ufetubus
 34731 | D:18     | XOM: confusion (+ monsters)
 34969 | D:18     | XOM: summons 3 hostile shadow creatures
 35113 | D:18     | Noticed Frances
 35114 | D:18     | XOM: enchant monster (bad)
 35127 | D:18     | Gained mutation: You have razor-sharp toenails. [demonic ancestry]
 35127 | D:18     | Reached XP level 16. HP: 129/129 MP: 26/29
 35175 | D:18     | XOM: miscast effect
 35184 | D:18     | XOM: enchant monster (bad)
 35301 | D:18     | Lost mutation: Your muscles are strong, but stiff (Str +1, Dex -1). [mutagenic meat]
 35436 | D:18     | XOM: confusion (+ monsters)
 35440 | D:18     | XOM: polymorph sixfirhy -> hellwing
 35441 | D:18     | XOM: enchant monster (good)
 35475 | D:18     | Killed Frances
 36037 | D:16     | XOM: summons 5 hostile shadow creatures
 36172 | D:19     | XOM: repel stairs
 36179 | D:19     | XOM: confuse monster(s)
 36208 | D:19     | XOM: confuse monster(s)
 36231 | D:19     | XOM: scenery: create altars
 36284 | D:19     | XOM: miscast effect
 36300 | D:19     | Found a white marble altar of Elyvilon.
 36452 | D:19     | XOM: miscast effect
 36696 | D:19     | Got a bloodstained sling
 36697 | D:19     | Identified the sling of Dung {frost, Str-3 Dex+2} (You found it on level 19 of the Dungeon)
 36722 | D:19     | Found a staircase to the Vaults.
 36898 | D:19     | XOM: confuse monster(s)
 36934 | D:19     | XOM: cast spell 'Necromutation'
 36968 | D:19     | XOM: inner flame monster(s)
 37272 | D:20     | Entered Level 20 of the Dungeon
 37311 | D:16     | XOM: god gift: potion of agility
 37577 | Orc:1    | Entered Level 1 of the Orcish Mines
 37577 | Orc:1    | Found Pnaff's Antique Weapon Shop.
 37608 | Orc:1    | XOM: inner flame monster(s)
 37755 | Orc:2    | Found Cuawoid's Food Emporium.
 37953 | Orc:1    | Noticed Duvessa
 37957 | Orc:1    | Noticed Dowan
 37972 | Orc:1    | Killed Dowan
 38010 | Orc:1    | Killed Duvessa
 38242 | Orc:2    | Bought a beef jerky for 25 gold pieces
 38480 | Orc:3    | XOM: divination: detect items
 38651 | Orc:2    | Reached skill level 10 in Dodging
 38675 | Orc:2    | XOM: confuse monster(s)
 38833 | Orc:2    | Found a flagged portal.
 38845 | Bailey   | Entered a bailey
 39127 | Bailey   | Got a faintly humming shield
 39181 | Bailey   | XOM: vitrification
 39233 | Orc:2    | Identified the cursed -2 shield of Bluf {rC+} (You found it in a bailey)
 39448 | Orc:1    | XOM: miscast effect
 39449 | Orc:1    | Noticed an Ice Fiend
 39449 | Orc:1    | oh god xom
 39449 | Orc:1    | why would you do that to me
 39476 | Orc:1    | Killed an Ice Fiend
 39557 | Orc:2    | XOM: vitrification
 39612 | Orc:3    | XOM: vitrification
 39617 | Orc:3    | XOM: chaos upgrade
 39732 | Orc:3    | XOM: summons 6 hostile demons
 39787 | Orc:3    | XOM: miscast effect
 39792 | Orc:3    | Jafose: Greetings. Can you tell me, is there a way to name a webtiles character differently from yourself?
 39792 | Orc:3    | Stendarr: Hey! Nope, AFAIK
 39792 | Orc:3    | Jafose: Oh, thanks.
 39852 | Orc:4    | Entered Level 4 of the Orcish Mines
 39855 | Orc:4    | XOM: give mutation
 39855 | Orc:4    | Gained mutation: You can spit poison. [Xom's mischief]
 39857 | Orc:4    | Found a staircase to the Elven Halls.
 39962 | Orc:4    | Noticed Blork the orc
 39977 | Orc:4    | XOM: blink monster(s)
 39984 | Orc:4    | XOM: blink monster(s)
 39988 | Orc:4    | Killed Blork the orc
 40020 | Orc:4    | XOM: cast spell 'Warp Weapon'
 40026 | Orc:4    | XOM: enchant monster (good)
 40065 | Orc:4    | Jafose: Goodbye.
 40112 | Orc:4    | XOM: confuse monster(s)
 40119 | Orc:4    | XOM: potion effect (berserk)
 40124 | Orc:4    | XOM: summons 2 friendly demons
 40130 | Orc:4    | XOM: god gift: sharpened bronze wand {god gift}
 40194 | Orc:4    | Found a roughly hewn altar of Beogh.
 40216 | Orc:4    | Noticed Josephine
 40236 | Orc:4    | Killed Josephine
 40269 | Orc:4    | Found Caeca's Antique Armour Shoppe.
 40275 | Orc:4    | Bought a steaming ring mail for 225 gold pieces
 40287 | Orc:4    | Identified the cursed -4 ring mail of Mirth {rC+ Acc+4 Dam+4 SInv} (You bought it in a shop on level 4 of the Orcish Mines)
 40290 | Orc:4    | Bought an orcish helmet for 50 gold pieces
 40310 | Orc:4    | Found Strem Grien's General Store.
 40317 | Orc:4    | Bought a scroll of identify for 28 gold pieces
 40329 | Orc:4    | Found Brar's Antique Weapon Shoppe.
 40346 | Orc:4    | Found Kloproeng's Book Shoppe.
 40417 | Orc:4    | XOM: polymorph orc -> jackal
 40463 | Orc:4    | Noticed Grum
 40491 | Orc:4    | Killed Grum
 40512 | Orc:4    | XOM: chaos upgrade
 40875 | Lair:1   | Identified the ring "Ybrer" {Regen Hunger} (You took it off an orc warrior on level 18 of the Dungeon)
 41213 | Vaults:1 | Entered Level 1 of the Vaults
 41233 | Vaults:1 | XOM: god gift: 2 potions of might
 41292 | Vaults:1 | XOM: miscast effect
 41355 | Vaults:1 | XOM: 1-stop teleportation journey
 41438 | Vaults:1 | XOM: cast spell 'Spider Form'
 41759 | Vaults:1 | XOM: vitrification
 41787 | Vaults:1 | Found Zoaf's Weapon Shop.
 41846 | Vaults:1 | Noticed Roxanne
 41965 | Vaults:1 | XOM: divination: magic mapping
 42095 | Vaults:1 | XOM: confuse monster(s)
 42106 | Vaults:1 | XOM: give mutations
 42106 | Vaults:1 | Lost mutation: You are dopey (Int -1). [Xom's grace]
 42106 | Vaults:1 | Gained mutation: Your digestive system is highly specialised to digest meat. [Xom's grace]
 42106 | Vaults:1 | Gained mutation: You are extremely resistant to the effects of hostile enchantments. [Xom's grace]
 42106 | Vaults:1 | Gained mutation: You can breathe fire. [Xom's grace]
 42157 | Vaults:1 | XOM: potion effect (speed)
 42162 | Vaults:1 | XOM: give mutations
 42162 | Vaults:1 | Gained mutation: Your muscles are strong (Str +1). [Xom's grace]
 42162 | Vaults:1 | Gained mutation: Your flesh is cold resistant. [Xom's grace]
 42162 | Vaults:1 | Gained mutation: You have a pair of small horns on your head. [Xom's grace]
 42192 | Vaults:1 | Found a glowing silver altar of Zin.
 42429 | Vaults:1 | Noticed Jorgrun
 42436 | Vaults:1 | XOM: enchant monster (good)
 42437 | Vaults:1 | xom just petrified Jorgrun, nice
 42453 | Vaults:1 | Killed Jorgrun
 42493 | Vaults:1 | XOM: polymorph griffon -> ettin
 42536 | Vaults:1 | Gained mutation: You have claws for feet. [demonic ancestry]
 42536 | Vaults:1 | Reached XP level 17. HP: 136/136 MP: 25/29
 42836 | Vaults:1 | XOM: 2-stop teleportation journey
 42945 | Vaults:1 | XOM: summons 4 friendly demons
 42953 | Vaults:1 | XOM: summons 15 friendly demons
 43270 | Vaults:1 | XOM: summons friendly red devil
 43299 | Vaults:1 | Killed Roxanne
 43301 | Vaults:1 | Got a sparkling book
 43303 | Vaults:1 | Identified Roxanne's Disquisition on the Rocks and Transmigration (You took it off Roxanne on level 1 of the Vaults)
 43318 | Vaults:1 | XOM: enchant monster (good)
 43320 | Vaults:1 | XOM: inner flame monster(s)
 43328 | Vaults:1 | XOM: summons 2 friendly demons
 43340 | Vaults:1 | XOM: inner flame monster(s)
 43556 | D:19     | XOM: polymorph butterfly -> boggart
 43780 | Vaults:1 | Found Ecue's Assorted Antiques.
 43795 | Vaults:1 | Found Zoel's Weapon Emporium.
 43807 | Vaults:1 | Found Seil's Jewellery Emporium.
 43814 | Vaults:1 | Bought the ring of Vehumet's Anger {rF+ Acc+6 Dam+6} for 1201 gold pieces
 43845 | Vaults:1 | XOM: chaos upgrade
 44008 | Vaults:1 | XOM: miscast effect
 44104 | Vaults:2 | XOM: god gift: potion of heal wounds
 44134 | Vaults:2 | XOM: enchant monster (bad)
 44283 | Vaults:2 | Found a staircase to the Crypt.
 44285 | Vaults:2 | XOM: chaos upgrade
 44356 | Vaults:2 | XOM: summons 6 hostile demons
 44400 | Vaults:2 | XOM: noise
 44528 | Vaults:2 | XOM: polymorph orc -> adder
 44542 | Vaults:2 | XOM: 1-stop teleportation journey
 44662 | Vaults:2 | XOM: enchant monster (bad)
 44793 | Vaults:2 | XOM: miscast effect
 44804 | Vaults:2 | XOM: 3-stop teleportation journey
 45145 | Vaults:2 | XOM: enchant monster (bad)
 45152 | Vaults:2 | Reached skill level 10 in Shields
 45557 | Vaults:2 | Lost mutation: You have a fast metabolism. [mutagenic meat]
 45838 | Vaults:3 | XOM: noise
 45879 | Vaults:3 | Gained mutation: You are completely covered in iridescent scales (AC +8). [demonic ancestry]
 45879 | Vaults:3 | Reached XP level 18. HP: 76/144 MP: 18/30
 45889 | Vaults:3 | XOM: swap weapons
 45914 | Vaults:3 | why would you swap weapons xom t_t
 45926 | Vaults:3 | XOM: swap weapons
 46136 | Vaults:3 | Found a staircase to the Hall of Blades.
 46187 | Vaults:3 | XOM: enchant monster (good)
 46254 | Vaults:3 | XOM: swap monsters
 46266 | Vaults:3 | XOM: blink monster(s)
 46301 | Vaults:3 | XOM: polymorph sixfirhy -> blue devil
 46575 | Vaults:3 | XOM: divination: detect items
 46714 | Vaults:3 | XOM: miscast effect
 46848 | Vaults:3 | XOM: miscast effect
 46878 | Vaults:3 | XOM: scenery: 1 doors open, 1 doors close
 46931 | Vaults:3 | Found Mneuff's Antique Weapon Shoppe.
 46935 | Vaults:3 | Bought a glowing bardiche for 252 gold pieces
 47011 | Vaults:3 | XOM: miscast effect
 47105 | Vaults:3 | XOM: cast spell 'Dispersal'
 47393 | Vaults:4 | XOM: confuse monster(s)
 47405 | Vaults:4 | XOM: potion effect (berserk)
 47462 | Vaults:4 | Found Lajuamuagu's Antique Armour Shoppe.
 47468 | Vaults:4 | XOM: noise
 47486 | Vaults:4 | XOM: divination: detect items
 47494 | Vaults:4 | XOM: confuse monster(s)
 47496 | Vaults:4 | XOM: summons friendly ufetubus
 47563 | Vaults:4 | XOM: confuse monster(s)
 47924 | Vaults:4 | XOM: noise
 47958 | Vaults:4 | Noticed a lich
 47966 | Vaults:4 | Killed a lich
 47968 | Vaults:4 | XOM: confuse monster(s)
 47973 | Vaults:4 | Reached skill level 18 in Polearms
 47974 | Vaults:4 | Gained mutation: You are quite resistant to negative energy. [demonic ancestry]
 47974 | Vaults:4 | Reached XP level 19. HP: 80/151 MP: 13/31
 48271 | Vaults:4 | Found Louttyth's Jewellery Shoppe.
 48274 | Vaults:4 | Found Kaxummo's Jewellery Shoppe.
 48281 | Vaults:4 | XOM: swap weapons
 48293 | Vaults:4 | XOM: miscast effect
 48298 | Vaults:4 | XOM: polymorph ironheart preserver -> queen ant
 48330 | Vaults:4 | Bought an uncursed ring of see invisible for 240 gold pieces
 48444 | Vaults:4 | XOM: confuse monster(s)
 48555 | Vaults:4 | Found Gracet's Weapon Shoppe.
 48823 | Vaults:4 | XOM: polymorph yaktaur -> baby alligator
 48962 | Vaults:4 | Reached skill level 19 in Polearms
 49341 | D:13     | XOM: miscast effect
 49834 | Snake:1  | Entered Level 1 of the Snake Pit
 49892 | Snake:1  | Noticed Urug
 49902 | Snake:1  | Killed Urug
 49910 | Snake:1  | Found Uguph's Antique Armour Emporium.
 50229 | Snake:1  | Noticed Agnes
 50239 | Snake:1  | Killed Agnes
 50313 | Snake:1  | XOM: summons 2 hostile demons
 50775 | Snake:2  | XOM: god gift: plate armour {god gift}
 50799 | Snake:2  | XOM: noise
 50800 | Snake:2  | Lost mutation: You are agile (Dex +1). [mutagenic meat]
 50801 | Snake:2  | Lost mutation: You are somewhat resistant to further mutation. [mutagenic meat]
 50844 | Snake:2  | XOM: divination: detect items
 51017 | Snake:2  | XOM: cast spell 'Spider Form'
 51409 | Snake:2  | XOM: miscast effect
 51576 | Snake:3  | XOM: cast spell 'Call Canine Familiar'
 51730 | Snake:3  | XOM: swap monsters
 51742 | Snake:3  | XOM: inner flame monster(s)
 51837 | Snake:3  | Found an ancient bone altar of Kikubaaqudgha.
 51875 | Snake:3  | XOM: confuse monster(s)
 52530 | Snake:4  | Got a colourful robe
 52541 | Snake:4  | Identified the cursed -2 robe of Agnosticism {rElec rN+ Dex+3} (You found it on level 4 of the Snake Pit)
 52858 | Snake:4  | XOM: noise
 52887 | Snake:4  | XOM: cast spell 'Dragon Form'
 53232 | Snake:5  | Entered Level 5 of the Snake Pit
 53373 | Snake:5  | XOM: enchant monster (good)
 53426 | Snake:5  | XOM: enchant monster (bad)
 53432 | Snake:5  | XOM: confuse monster(s)
 53433 | Snake:5  | XOM: confuse monster(s)
 53437 | Snake:5  | Gained mutation: A powerful demonic guardian rushes to your aid. [demonic ancestry]
 53437 | Snake:5  | Reached XP level 20. HP: 74/160 MP: 32/32
 53458 | Snake:5  | XOM: cast spell 'Tukima's Dance'
 53494 | Snake:5  | Reached skill level 20 in Polearms
 53525 | Snake:5  | XOM: inner flame monster(s)
 53575 | Snake:5  | XOM: god gift: 53 gold pieces
 53620 | Snake:5  | HP: 5/160 [naga warrior/long sword (5)]
 53999 | Snake:4  | XOM: colour smoke trail
 54093 | Snake:1  | XOM: god gift: scroll of random uselessness
 54248 | Lair:1   | Learned a level 4 spell: Control Teleport
 54328 | Lair:4   | XOM: scenery: 1 doors open
 54603 | Snake:5  | XOM: miscast effect
 54740 | Snake:5  | XOM: confuse monster(s)
 54975 | Snake:5  | XOM: polymorph greater naga -> storm dragon
 55133 | Snake:5  | XOM: swap weapons
 55472 | Snake:5  | Reached skill level 10 in Charms
 55482 | Snake:5  | Got a serpentine rune of Zot
 55767 | Snake:5  | XOM: confuse monster(s)
 55785 | Snake:5  | XOM: miscast effect
 56035 | Snake:5  | XOM: miscast effect
 56087 | Snake:5  | XOM: miscast effect
 56846 | Elf:1    | Entered Level 1 of the Elven Halls
 56886 | Elf:1    | XOM: miscast effect
 56902 | Elf:1    | XOM: 1-stop teleportation journey
 56962 | Elf:1    | XOM: 1-stop teleportation journey
 57137 | Elf:1    | XOM: enchant monster (good)
 57148 | Elf:1    | XOM: divination: detect items
 57358 | Elf:1    | XOM: cast spell 'Statue Form'
 57412 | Elf:1    | XOM: 1-stop teleportation journey
 58155 | Elf:2    | XOM: vitrification
 58413 | Elf:3    | Entered Level 3 of the Elven Halls
 58476 | Elf:3    | XOM: enchant monster (good)
 58504 | Elf:3    | XOM: divination: magic mapping
 58704 | Elf:3    | Learned a level 6 spell: Haste
 58768 | Elf:3    | XOM: miscast effect
 58773 | Elf:3    | XOM: enchant monster (good)
 58776 | Elf:3    | XOM: confuse monster(s)
 58783 | Elf:3    | XOM: potion effect (berserk)
 58812 | Elf:3    | XOM: divination: detect creatures
 58837 | Elf:3    | XOM: miscast effect
 58920 | Elf:3    | XOM: divination: detect creatures
 58926 | Elf:3    | XOM: divination: detect items
 59036 | Elf:3    | Got a conspicuous book
 59037 | Elf:3    | Identified the Almanac of the Supportive Glacier (You found it on level 3 of the Elven Halls)
 59047 | Elf:3    | XOM: colour smoke trail
 59067 | Elf:3    | Got an engraved book
 59068 | Elf:3    | Identified the Almanac of Feathers (You found it on level 3 of the Elven Halls)
 59085 | Elf:3    | Lost mutation: You tend to lose your temper in combat. [helix card]
 59085 | Elf:3    | Lost mutation: You can spit poison. [helix card]
 59088 | Elf:3    | Shuffle card: Str 11[12], Int 22[27], Dex 15[15]
 59093 | Elf:3    | Reached XP level 21. HP: 167/167 MP: 32/32
 59095 | Elf:3    | Gained mutation: Your flesh is very cold resistant. [helix card]
 59131 | Elf:3    | Got a pitted amber ring
 59132 | Elf:3    | Identified the ring "Kuniux" {rF- MR Str+1} (You found it on level 3 of the Elven Halls)
 59156 | Elf:3    | Lost mutation: Your flesh is very cold resistant. [helix card]
 59185 | Elf:3    | XOM: miscast effect
 59189 | Elf:3    | Got a crude sabre
 59190 | Elf:3    | Identified the cursed +0,+0 sabre of the Four Ships {slice, rElec rPois rC+} (You found it on level 3 of the Elven Halls)
 59210 | Elf:3    | Got a conspicuous book
 59211 | Elf:3    | Identified Sif Muna's Compendium of Fire (You found it on level 3 of the Elven Halls)
 59254 | Elf:3    | XOM: summons 5 friendly demons
 59270 | Elf:3    | Got a fine jade ring
 59294 | Elf:3    | Identified the ring of Mnelu {-Tele Hunger Stlth++ Curse} (You found it on level 3 of the Elven Halls)
 59309 | Elf:3    | XOM: vitrification
 59447 | Elf:3    | Gained mutation: Your muscles are strong (Str +2). [potion of gain strength]
 59476 | Elf:3    | Reached skill level 1 in Air Magic
 59476 | Elf:3    | Reached XP level 22. HP: 167/176 MP: 30/33
 59484 | Elf:3    | Reached XP level 21. HP: 98/168 MP: 25/32
 59485 | Elf:3    | XOM: polymorph sixfirhy -> blue devil
 59634 | Elf:3    | XOM: divination: detect creatures
 59846 | Elf:3    | XOM: cast spell 'Dragon Form'
 59848 | Elf:3    | Reached XP level 22. HP: 176/176 MP: 29/33
 60009 | Elf:3    | Reached skill level 1 in Short Blades
 60347 | D:10     | XOM: miscast effect
 60760 | D:20     | Learned a level 2 spell: Shroud of Golubria
 60824 | D:20     | XOM: miscast effect
 60915 | D:20     | XOM: potion effect (invisibility)
 60964 | D:20     | Noticed Saint Roka
 60972 | D:20     | XOM: chaos upgrade
 60977 | D:20     | XOM: summons friendly quasit
 60978 | D:20     | XOM: enchant monster (good)
 60987 | D:20     | Killed Saint Roka
 61072 | D:20     | XOM: miscast effect
 61151 | D:20     | XOM: miscast effect
 61338 | D:20     | Identified a +1 rod of striking (9/9) (You found it on level 20 of the Dungeon)
 61457 | D:21     | Noticed Mennas
 61558 | D:21     | Found Ekej's Armour Emporium.
 61560 | D:21     | Noticed Mennas
 61560 | D:21     | Mennas changed into Mennas the pearl dragon
 61560 | D:21     | XOM: polymorph Mennas -> Mennas the pearl dragon
 61566 | D:21     | Killed Mennas the pearl dragon
 61672 | D:21     | Noticed Mara
 61673 | D:21     | Noticed Stendarr's illusion
 61678 | D:21     | Noticed Mara
 61682 | D:21     | Noticed Mara
 61685 | D:21     | XOM: summons 2 friendly demons
 61686 | D:21     | Killed Mara
 61692 | D:21     | Noticed Mara
 61704 | D:21     | Killed Stendarr's illusion
 61713 | D:21     | Killed Mara
 61720 | D:21     | Killed Mara
 61862 | D:21     | XOM: divination: detect creatures
 61892 | D:21     | XOM: miscast effect
 61932 | D:21     | Found Plog's Antique Armour Shop.
 62050 | D:21     | Found a gateway to Hell.
 62093 | D:21     | Found a snail-covered altar of Cheibriados.
 62481 | D:22     | XOM: 2-stop teleportation journey
 62484 | D:22     | Noticed Margery
 62495 | D:22     | Killed Margery
 62519 | D:22     | XOM: summons friendly crimson imp
 62520 | D:22     | XOM: divination: detect creatures
 62547 | D:22     | XOM: summons 3 friendly demons
 62706 | D:22     | XOM: noise
 62715 | D:22     | XOM: noise
 62782 | D:22     | XOM: colour smoke trail
 63139 | D:22     | Found a shattered altar of Ashenzari.
 63400 | D:22     | XOM: colour smoke trail
 63416 | D:22     | Reached skill level 21 in Polearms
 63509 | D:23     | Found an ancient bone altar of Kikubaaqudgha.
 63528 | D:23     | Noticed Xtahua
 63537 | D:23     | Killed Xtahua
 63652 | D:23     | XOM: blink monster(s)
 63676 | D:23     | XOM: confusion (+ monsters)
 63784 | D:23     | XOM: confusion (+ monsters)
 63792 | D:23     | Reached XP level 23. HP: 174/183 MP: 30/34
 63836 | D:23     | XOM: confusion (+ monsters)
 64076 | D:23     | XOM: 1-stop teleportation journey
 64124 | D:23     | XOM: confusion (+ monsters)
 64136 | D:23     | XOM: miscast effect
 64382 | D:23     | XOM: cast spell 'Summon Small Mammals'
 64426 | D:23     | XOM: noise
 64580 | D:23     | XOM: 7-stop teleportation journey
 64757 | D:24     | Found a one-way gate leading to the halls of Pandemonium.
 64794 | D:24     | XOM: 2-stop teleportation journey
 64863 | D:24     | XOM: confuse monster(s)
 65256 | D:24     | Reached skill level 22 in Polearms
 65308 | D:24     | XOM: summons friendly white imp
 65368 | D:24     | XOM: cast spell 'Dispersal'
 65369 | D:24     | XOM: miscast effect
 65562 | D:24     | XOM: noise
 65609 | D:24     | XOM: miscast effect
 65665 | D:24     | XOM: enchant monster (good)
 65672 | D:24     | XOM: potion effect (berserk)
 65879 | D:24     | XOM: cast spell 'Ring of Flames'
 65908 | D:24     | XOM: colour smoke trail
 66016 | D:25     | Entered Level 25 of the Dungeon
 66486 | D:25     | XOM: potion effect (invisibility)
 66491 | D:25     | XOM: swap weapons
 66634 | D:25     | Gained mutation: You are dopey (Int -1). [mutagenic glow]
 66657 | D:25     | XOM: enchant monster (good)
 66748 | D:25     | XOM: miscast effect
 66804 | D:25     | XOM: enchant monster (bad)
 66864 | D:25     | Reached skill level 23 in Polearms
 66866 | D:25     | XOM: miscast effect
 67108 | D:25     | Gained mutation: You are somewhat able to resist unholy torments (1 in 2 success). [demonic ancestry]
 67108 | D:25     | Reached XP level 24. HP: 161/190 MP: 33/35
 67131 | D:25     | XOM: summons friendly ufetubus
 67367 | D:25     | XOM: vitrification
 67509 | D:25     | XOM: confusion (+ monsters)
 67667 | D:25     | XOM: miscast effect
 67725 | D:25     | XOM: miscast effect
 67764 | D:26     | XOM: chaos upgrade
 67770 | D:26     | Reached skill level 24 in Polearms
 67840 | D:26     | XOM: confusion
 68005 | D:26     | XOM: divination: magic mapping
 68045 | D:26     | XOM: miscast effect
 68203 | D:26     | XOM: stat loss: -1 Dex (14/15)
 68463 | D:26     | XOM: confuse monster(s)
 68480 | D:26     | XOM: summons 2 friendly demons
 68566 | D:26     | XOM: give mutations
 68566 | D:26     | Lost mutation: You are dopey (Int -1). [Xom's mischief]
 68566 | D:26     | Lost mutation: You are extremely resistant to the effects of hostile enchantments. [Xom's mischief]
 68651 | D:26     | XOM: noise
 69014 | D:12     | XOM: miscast effect
 69066 | D:10     | XOM: miscast effect
 69142 | Lair:1   | XOM: vitrification
 69316 | Shoals:1 | Entered Level 1 of the Shoals
 69322 | Shoals:1 | XOM: miscast effect
 69710 | Shoals:1 | XOM: miscast effect
 69756 | Shoals:1 | XOM: miscast effect
 69783 | Shoals:1 | Noticed Aizul
 69801 | Shoals:1 | Killed Aizul
 69869 | Shoals:1 | XOM: miscast effect
 69886 | Shoals:1 | XOM: enchant monster (bad)
 69924 | Shoals:1 | XOM: miscast effect
 70131 | Shoals:2 | XOM: summons 3 hostile shadow creatures
 70235 | Shoals:2 | XOM: summons 12 friendly demons
 70243 | Shoals:2 | XOM: miscast effect
 70421 | Shoals:2 | XOM: give mutations
 70421 | Shoals:2 | Gained mutation: You are agile (Dex +1). [Xom's grace]
 70421 | Shoals:2 | Gained mutation: Your muscles are flexible, but weak (Str -1, Dex +1). [Xom's grace]
 70822 | Shoals:3 | XOM: inner flame monster(s)
 70866 | Shoals:3 | Reached skill level 25 in Polearms
 70920 | Shoals:3 | XOM: inner flame monster(s)
 71218 | Shoals:3 | XOM: 3-stop teleportation journey
 71342 | Shoals:3 | Reached XP level 25. HP: 195/197 MP: 35/35
 71458 | Shoals:3 | XOM: 1-stop teleportation journey
 71461 | Shoals:3 | XOM: god gift: faintly glowing leather armour {god gift}
 71472 | Shoals:3 | Got a faintly glowing leather armour {god gift}
 71475 | Shoals:3 | Identified the +2 leather armour "Pnavudwuxkikh" {rPois} (Xom gifted it to you on level 3 of the Shoals)
 71885 | Shoals:4 | Noticed Polyphemus
 71894 | Shoals:4 | XOM: swap monsters
 71906 | Shoals:4 | Killed Polyphemus
 71958 | Shoals:4 | Noticed Rupert
 71960 | Shoals:4 | Noticed Louise
 71963 | Shoals:4 | XOM: enchant monster (good)
 71971 | Shoals:4 | Killed Rupert
 71982 | Shoals:4 | Killed Louise
 72009 | Shoals:4 | Got a pitted sabre
 72010 | Shoals:4 | Identified the cursed -5,-4 sabre of Internal Strife {drain, +Inv MR} (You found it on level 4 of the Shoals)
 72303 | Shoals:5 | Entered Level 5 of the Shoals
 72350 | Shoals:5 | Noticed Wiglaf
 72364 | Shoals:5 | Killed Wiglaf
 72449 | Shoals:5 | Got a barnacled rune of Zot
 72496 | Shoals:5 | Noticed Ilsuiw
 72497 | Shoals:5 | XOM: miscast effect
 72505 | Shoals:5 | Killed Ilsuiw
 72598 | Shoals:5 | Found Threr's Assorted Antiques.
 72615 | Shoals:5 | Bought a scroll of identify for 60 gold pieces
 72615 | Shoals:5 | Bought a twitching silver amulet for 750 gold pieces
 72615 | Shoals:5 | Bought a scroll of teleportation for 90 gold pieces
 72615 | Shoals:5 | Bought a scroll of identify for 60 gold pieces
 72621 | Shoals:5 | Identified the amulet of the Cockroach {Gourm Str+2 Int+3} (You bought it in a shop on level 5 of the Shoals)
 72678 | Shoals:5 | XOM: summons 12 hostile demons
 72816 | Shoals:5 | XOM: miscast effect
 73038 | Shoals:5 | XOM: torment (201/201 hp)
 73095 | Shoals:5 | XOM: confusion (+ monsters)
 73158 | Shoals:5 | Got a twitching marble ring
 73160 | Shoals:5 | Identified the ring "Thae" {rC+ rN+ Int+2} (You took it off a merfolk impaler on level 5 of the Shoals)
 73273 | Shoals:5 | Identified a -1 rod of destruction [fire] (12/13) (You took it off a mermaid on level 5 of the Shoals)
 73318 | Shoals:5 | XOM: miscast effect
 73477 | Shoals:5 | XOM: stat loss: -1 Int (23/24)
 73514 | Shoals:2 | XOM: miscast effect
 73942 | D:17     | Voluntarily entered the Abyss.
 73945 | Abyss:1  | Found a corrupted altar of Lugonu.
 74050 | Abyss:1  | XOM: enchant monster (bad)
 74051 | Abyss:1  | XOM: stat loss: -1 Str (12/13)
 74163 | Abyss:1  | XOM: confusion (+ monsters)
 74246 | Abyss:1  | XOM: summons 7 friendly demons
 74250 | Abyss:1  | XOM: give mutations
 74250 | Abyss:1  | Gained mutation: You have a slow metabolism. [Xom's grace]
 74250 | Abyss:1  | Gained mutation: You are good at translocating small distances at will. [Xom's grace]
 74250 | Abyss:1  | Gained mutation: You can spit poison. [Xom's grace]
 74252 | Abyss:1  | Tolias: xin pls
 74270 | Abyss:1  | XOM: miscast effect
 74302 | Abyss:1  | Paralysed by accursed screaming for 1 turns
 74353 | Abyss:1  | XOM: miscast effect
 74385 | Abyss:1  | Reached skill level 26 in Polearms
 74387 | Abyss:1  | XOM: stat loss: -1 Dex (16/17)
 74387 | Abyss:1  | Gained mutation: You occasionally shout uncontrollably. [a neqoxec]
 74681 | Abyss:3  | XOM: miscast effect
 74818 | Abyss:3  | XOM: miscast effect
 74936 | Abyss:3  | XOM: summons 3 hostile shadow creatures
 74944 | Abyss:3  | XOM: confusion (+ monsters)
 75399 | Abyss:3  | Got an abyssal rune of Zot
 75410 | Abyss:3  | XOM: confusion (+ monsters)
 75413 | Abyss:3  | XOM: miscast effect
 75543 | D:17     | Escaped the Abyss
 75606 | D:14     | XOM: colour smoke trail
 76016 | Trove    | Entered a treasure trove
 76034 | Trove    | Got a steaming ivory ring
 76036 | Trove    | Got a faintly glowing lead amulet
 76040 | Trove    | Got a twitching brass ring
 76043 | Trove    | Got a twitching copper ring
 76281 | Lair:1   | Identified the amulet "Strederyr" {Gourm rElec rF+} (You found it in a treasure trove)
 76284 | Lair:1   | Identified the ring of the Dragon {Str+3 Int+2} (You found it in a treasure trove)
 76285 | Lair:1   | Identified the ring of Meoneumm {Str+1 Int+3} (You found it in a treasure trove)
 76486 | Lair:6   | XOM: miscast effect
 76538 | Slime:1  | Entered Level 1 of the Pits of Slime
 76548 | Slime:1  | XOM: confusion
 76651 | Slime:1  | XOM: summons 5 hostile demons
 76951 | Slime:2  | XOM: miscast effect
 76951 | Slime:2  | Cast into the Abyss (the capriciousness of Xom)
 76951 | Abyss:1  | Found a corrupted altar of Lugonu.
 77001 | Slime:2  | Escaped the Abyss
 77041 | Slime:2  | XOM: blink monster(s)
 77074 | Slime:2  | XOM: draining
 77126 | Slime:2  | XOM: colour smoke trail
 77568 | Slime:3  | XOM: summons friendly lemure
 77738 | Slime:4  | XOM: enchant monster (bad)
 77753 | Slime:4  | Reached XP level 26. HP: 68/209 MP: 36/36
 77762 | Slime:4  | XOM: miscast effect
 78316 | Slime:5  | XOM: blink monster(s)
 78317 | Slime:5  | Paralysed by a giant eyeball for 4 turns
 78319 | Slime:5  | XOM: summons friendly white imp
 78324 | Slime:5  | XOM: miscast effect
 78328 | Slime:5  | Reached skill level 27 in Polearms
 78332 | Slime:5  | XOM: miscast effect
 78333 | Slime:5  | Paralysed by a giant eyeball for 2 turns
 78335 | Slime:5  | HP: 6/209 [giant amoeba (13)]
 78437 | Slime:5  | XOM: miscast effect
 78729 | Slime:6  | Entered Level 6 of the Pits of Slime
 78769 | Slime:6  | Paralysed by a giant eyeball for 4 turns
 78947 | Slime:6  | XOM: summons 4 friendly demons
 78961 | Slime:6  | Found a viscous altar of Jiyva.
 78963 | Slime:6  | Noticed the royal jelly
 78963 | Slime:6  | Reached skill level 5 in Air Magic
 79001 | Slime:6  | XOM: miscast effect
 79243 | Slime:6  | XOM: potion effect (might)
 79290 | Slime:6  | XOM: noise
 79291 | Slime:6  | XOM: cast spell 'Summon Dragon'
 79313 | Slime:6  | Killed the royal jelly
 79358 | Slime:6  | Got a slimy rune of Zot
 79362 | Slime:6  | Got a droning book
 79363 | Slime:6  | Identified the Tome of Mutagenic Cold (You found it on level 6 of the Pits of Slime)
 79372 | Slime:6  | Learned a level 3 spell: Regeneration
 79437 | Slime:6  | XOM: enchant monster (good)
 79481 | Slime:6  | Got a graven book
 79482 | Slime:6  | Identified the Compendium of Beguiling (You found it on level 6 of the Pits of Slime)
 79497 | Slime:6  | XOM: 4-stop teleportation journey
 79499 | Slime:6  | XOM: divination: detect creatures
 79529 | Slime:6  | Got a heavily runed ring mail
 79543 | Slime:6  | Identified the +5 ring mail "Duegit" {Str+2 Dex+3 Curse} (You found it on level 6 of the Pits of Slime)
 79561 | Slime:6  | Got a yellowed book
 79562 | Slime:6  | Identified the Reference Book on Boosting Displacement (You found it on level 6 of the Pits of Slime)
 80013 | D:13     | XOM: cast spell 'Dragon Form'
 80147 | D:19     | XOM: god gift: disc of storms
 80170 | D:19     | Reached skill level 1 in Stealth
 80360 | Blade    | Entered the Hall of Blades
 80372 | Blade    | XOM: god gift: faintly glowing bardiche {god gift}
 80723 | Vaults:3 | Reached skill level 5 in Stealth
 80758 | Blade    | Got a faintly glowing bardiche {god gift}
 80760 | Blade    | Identified the bardiche "Wos Iggepp" {god gift, chaos, rC+ Int+2 SInv} (Xom gifted it to you in the Hall of Blades)
 80835 | Vaults:5 | Entered Level 5 of the Vaults
 81131 | Vaults:4 | XOM: god gift: short sword {god gift}
 81372 | D:22     | XOM: scenery: create altars
 81423 | D:23     | XOM: 1-stop teleportation journey
 81502 | D:26     | Reached skill level 1 in Spellcasting
 81568 | D:26     | XOM: potion effect (agility)
 81610 | D:26     | XOM: inner flame monster(s)
 81645 | D:26     | XOM: god gift: box of beasts
 81790 | D:26     | XOM: divination: detect creatures
 81960 | D:26     | XOM: vitrification
 81970 | D:26     | XOM: confuse monster(s)
 82178 | D:26     | XOM: confusion
 82283 | D:27     | Entered Level 27 of the Dungeon
 82360 | D:27     | Reached skill level 10 in Stealth
 82434 | D:27     | XOM: divination: detect creatures
 82442 | D:27     | XOM: miscast effect
 82453 | D:27     | XOM: swap monsters
 82459 | D:27     | XOM: give mutation
 82459 | D:27     | Gained mutation: You evolve. [Xom's grace]
 82503 | D:27     | XOM: summons 2 friendly demons
 82530 | D:27     | Reached XP level 27. HP: 147/217 MP: 35/36
 82556 | D:27     | XOM: divination: detect creatures
 82582 | D:27     | XOM: divine lightning
 82586 | D:27     | XOM: give mutations
 82586 | D:27     | Gained mutation: You can control translocations. [Xom's grace]
 82586 | D:27     | Lost mutation: Your muscles are flexible, but weak (Str -1, Dex +1). [Xom's grace]
 82586 | D:27     | Gained mutation: You are robust (+10% HP). [Xom's grace]
 82586 | D:27     | Gained mutation: Your muscles are strong, but stiff (Str +1, Dex -1). [Xom's grace]
 82662 | D:27     | XOM: 1-stop teleportation journey
 82688 | D:27     | XOM: confuse monster(s)
 82691 | D:27     | XOM: polymorph yaktaur captain -> something unseen
 82760 | D:27     | Found a gateway to a ziggurat.
 82817 | D:27     | XOM: polymorph yaktaur -> guardian serpent
 82839 | D:27     | XOM: summons friendly chaos spawn
 82886 | D:27     | XOM: polymorph chaos spawn -> neqoxec
 82980 | D:27     | XOM: colour smoke trail
 83285 | D:27     | XOM: cast spell 'Dragon Form'
 83286 | D:27     | XOM: noise
 83300 | D:27     | XOM: potion effect (speed)
 83399 | D:27     | Found a white marble altar of Elyvilon.
 83484 | D:27     | XOM: confuse monster(s)
 83486 | D:27     | XOM: summons friendly iron imp
 84115 | Lair:1   | Learned a level 6 spell: Deflect Missiles
 84532 | D:27     | XOM: divination: detect creatures
 84607 | Zot:1    | Entered Level 1 of the Realm of Zot
 84634 | Zot:1    | XOM: inner flame monster(s)
 84638 | Zot:1    | Reached skill level 15 in Stealth
 84638 | Zot:1    | XOM: miscast effect
 85441 | Zot:1    | XOM: cast spell 'Statue Form'
 85444 | Zot:1    | Reached skill level 10 in Air Magic
 85653 | Zot:1    | XOM: god gift: conspicuous book {god gift}
 85657 | Zot:1    | Got a conspicuous book {god gift}
 85658 | Zot:1    | Identified Xom's Handbook of the Onion (Xom gifted it to you on level 1 of the Realm of Zot)
 85860 | Zot:2    | XOM: polymorph storm dragon -> pale draconian
 85966 | Zot:2    | Reached skill level 10 in Armour
 86118 | Zot:2    | Lost mutation: Your system is resistant to poisons. [evolution]
 86260 | Zot:2    | XOM: swap monsters
 86354 | Zot:2    | Gained mutation: Armour fits poorly on your strangely shaped body. [mutagenic glow]
 86522 | Zot:2    | XOM: summons 4 friendly demons
 86611 | Zot:2    | XOM: colour smoke trail
 86666 | Zot:2    | Noticed an orb of fire
 86689 | Zot:2    | Killed an orb of fire
 86942 | Zot:2    | XOM: divination: detect creatures
 86987 | Zot:2    | XOM: 10-stop teleportation journey
 87319 | Zot:3    | XOM: summons 2 friendly demons
 87333 | Zot:3    | XOM: enchant monster (good)
 87348 | Zot:3    | XOM: polymorph pale draconian -> siren
 87364 | Zot:3    | XOM: potion effect (berserk)
 87365 | Zot:3    | XOM: summons 2 friendly demons
 87480 | Zot:3    | XOM: divination: magic mapping
 87509 | Zot:3    | XOM: summons friendly iron imp
 87655 | Zot:3    | XOM: enchant monster (good)
 87708 | Zot:3    | XOM: colour smoke trail
 87709 | Zot:3    | XOM: miscast effect
 87748 | Zot:3    | XOM: noise
 87755 | Zot:3    | XOM: noise
 87762 | Zot:3    | XOM: potion effect (invisibility)
 87768 | Zot:3    | XOM: enchant monster (good)
 87865 | Zot:3    | XOM: god gift: shiny plate armour {god gift}
 87883 | Zot:3    | Lost mutation: You are robust (+10% HP). [mutagenic glow]
 87922 | Zot:3    | XOM: 5-stop teleportation journey
 88245 | Zot:3    | XOM: summons 2 friendly demons
 88570 | Zot:4    | XOM: polymorph golden dragon -> iron dragon
 88571 | Zot:4    | XOM: divine lightning
 88584 | Zot:4    | Identified the ring "Rueguena" {EV+3 Dex+3 Dam+4} (You found it in a treasure trove)
 88587 | Zot:4    | XOM: potion effect (brilliance)
 88591 | Zot:4    | XOM: polymorph shadow dragon -> alligator snapping turtle
 88636 | Zot:4    | XOM: cast spell 'Dragon Form'
 88651 | Zot:4    | XOM: 2-stop teleportation journey
 88863 | Zot:4    | XOM: miscast effect
 88909 | Zot:4    | yesss! poison resistance, thanks for coming back
 88943 | Zot:4    | XOM: polymorph storm dragon -> dire elephant
 89014 | Zot:4    | XOM: swap monsters
 89062 | Zot:4    | XOM: swap monsters
 89181 | Zot:4    | XOM: enchant monster (bad)
 89238 | Zot:4    | XOM: miscast effect
 89403 | Zot:4    | XOM: god gift: scroll of blinking
 89456 | Zot:5    | Entered Level 5 of the Realm of Zot
 89657 | Zot:5    | XOM: summons 4 friendly demons
 89785 | Zot:5    | XOM: give mutations
 89785 | Zot:5    | Gained mutation: Your system is resistant to poisons. [Xom's grace]
 89785 | Zot:5    | Gained mutation: You rapidly evolve. [Xom's grace]
 89785 | Zot:5    | Gained mutation: Your muscles are strong (Str +3). [Xom's grace]
 89799 | Zot:5    | XOM: miscast effect
 90060 | Zot:5    | Noticed an orb of fire
 90067 | Zot:5    | XOM: inner flame monster(s)
 90176 | Zot:5    | XOM: summons 16 friendly demons
 90200 | Zot:5    | Noticed an ancient lich
 90203 | Zot:5    | XOM: confuse monster(s)
 90223 | Zot:5    | Noticed an orb of fire
 90227 | Zot:5    | Noticed a Killer Klown
 90230 | Zot:5    | Noticed an orb of fire
 90233 | Zot:5    | XOM: enchant monster (good)
 90235 | Zot:5    | Noticed an ancient lich
 90237 | Zot:5    | Noticed an orb of fire
 90244 | Zot:5    | Noticed a Killer Klown
 90248 | Zot:5    | Noticed an ancient lich
 90262 | Zot:5    | XOM: god gift: orcish sabre {god gift}
 90267 | Zot:5    | XOM: cast spell 'Confusing Touch'
 90281 | Zot:5    | XOM: polymorph Orb Guardian -> death yak
 90282 | Zot:5    | thanks xom!
 90282 | Zot:5    | XOM: 1-stop teleportation journey
 90283 | Zot:5    | i guess double thanks
 90333 | Zot:5    | Killed an orb of fire
 90466 | Zot:5    | XOM: miscast effect
 90529 | Zot:5    | Killed an ancient lich
 90675 | Zot:5    | XOM: 3-stop teleportation journey
 90676 | Zot:5    | Noticed an ancient lich
 90680 | Zot:5    | XOM: summons friendly white imp
 90694 | Zot:5    | XOM: summons friendly ufetubus
 90702 | Zot:5    | Killed an ancient lich
 90990 | Zot:5    | XOM: enchant monster (bad)
 90993 | Zot:5    | Gained mutation: Your magical capacity is low (-10% MP). [an orb of fire]
 91002 | Zot:5    | Killed an orb of fire
 91025 | Zot:5    | XOM: swap monsters
 91032 | Zot:5    | Killed an ancient lich
 91186 | Zot:5    | XOM: summons friendly white imp
 91198 | Zot:5    | XOM: summons friendly iron imp
 91211 | Zot:5    | Killed a Killer Klown
 91599 | Zot:5    | Gained mutation: Your vision is a little blurry. [an orb of fire]
 91605 | Zot:5    | XOM: miscast effect
 91619 | Zot:5    | Killed an orb of fire
 91704 | Zot:5    | XOM: potion effect (brilliance)
 91823 | Zot:5    | XOM: divination: magic mapping
 91824 | Zot:5    | XOM: divination: detect creatures
 91905 | Zot:5    | Noticed an orb of fire
 91908 | Zot:5    | XOM: cast spell 'Flight'
 91915 | Zot:5    | Gained mutation: You tend to lose your temper in combat. [an orb of fire]
 91923 | Zot:5    | Gained mutation: You are dopey (Int -1). [an orb of fire]
 91927 | Zot:5    | Killed an orb of fire
 92152 | Zot:5    | XOM: miscast effect
 92182 | Zot:5    | XOM: noise
 92435 | Zot:5    | Noticed an orb of fire
 92438 | Zot:5    | XOM: potion effect (speed)
 92441 | Zot:5    | Lost mutation: You have a slow metabolism. [an orb of fire]
 92444 | Zot:5    | Killed an orb of fire
 92551 | Zot:5    | Gained mutation: You are frail (-10% HP). [mutagenic glow]
 92571 | Zot:5    | Gained mutation: You sometimes yell uncontrollably. [mutagenic glow]
 92718 | Zot:5    | XOM: miscast effect
 92997 | Zot:5    | Got the Orb of Zot
 93073 | Zot:5    | Noticed a curse toe
 93145 | Zot:4    | Lost mutation: You are agile (Dex +1). [a neqoxec]
 93223 | D:27     | Gained mutation: Your magical capacity is very low (-20% MP). [mutagenic glow]
 93375 | D:20     | Noticed Cheddea the pandemonium lord
 93399 | D:20     | XOM: miscast effect
 93404 | D:20     | XOM: potion effect (curing)
 93412 | D:20     | Gained mutation: You are very frail (-20% HP). [mutagenic glow]
 93570 | D:12     | Gained mutation: You frequently scream uncontrollably. [mutagenic glow]
 93586 | D:12     | XOM: miscast effect
 93669 | D:7      | Gained mutation: You are clumsy (Dex -1). [mutagenic glow]
 93712 | D:5      | Gained mutation: You often lose your temper in combat. [mutagenic glow]
 93783 | D:2      | Noticed an ancient lich
 93783 | D:2      | Noticed an ancient lich
 93784 | D:2      | Noticed Nefur the pandemonium lord
 93807 | D:2      | Lost mutation: You are very frail (-20% HP). [mutagenic glow]
 93832 | D:$      | Escaped with the Orb!

Action                   |  1- 3 |  4- 6 |  7- 9 | 10-12 | 13-15 | 16-18 | 19-21 | 22-24 | 25-27 || total
-------------------------+-------+-------+-------+-------+-------+-------+-------+-------+-------++-------
Melee: Spear             |    85 |   413 |   512 |  2593 |  1007 |       |       |       |       ||  4610
       Dagger            |       |       |     1 |       |       |       |       |       |       ||     1
       Staff             |       |       |       |     3 |       |       |       |       |       ||     3
       Trident           |       |       |       |       |  1704 |  1730 |       |       |       ||  3434
       Scimitar          |       |       |       |       |    42 |       |       |       |       ||    42
       Unarmed           |       |       |       |       |    18 |    10 |     4 |     7 |    22 ||    61
       Glaive            |       |       |       |       |       |   296 |    54 |       |       ||   350
       Bardiche          |       |       |       |       |       |    34 |  1086 |  1426 |  2740 ||  5286
       Mace              |       |       |       |       |       |     5 |       |       |       ||     5
       Club              |       |       |       |       |       |       |       |     4 |       ||     4
 Fire: Sling             |       |       |    28 |       |       |       |       |       |       ||    28
       Blowgun           |       |       |       |       |     6 |     9 |       |       |       ||    15
       Bow               |       |       |       |       |       |    12 |       |       |       ||    12
Throw: Dagger            |     1 |     2 |       |       |       |       |       |       |       ||     3
       Dart              |       |    14 |    12 |    36 |     5 |       |       |       |       ||    67
       Throwing net      |       |     1 |       |       |       |       |       |       |       ||     1
       Spear             |       |       |       |       |     1 |       |       |       |       ||     1
       Club              |       |       |       |       |       |       |     1 |       |       ||     1
 Cast: Sting             |       |       |    53 |    71 |   128 |    22 |     2 |       |     1 ||   277
       Mephitic Cloud    |       |       |     7 |    43 |   171 |   154 |    56 |    89 |    19 ||   539
       Repel Missiles    |       |       |       |       |    13 |    10 |    33 |    50 |    29 ||   135
       Call Imp          |       |       |       |       |     2 |     1 |       |       |       ||     3
       Swiftness         |       |       |       |       |    20 |    20 |    36 |    10 |    35 ||   121
       Control Teleport  |       |       |       |       |       |       |     3 |     1 |       ||     4
       Haste             |       |       |       |       |       |       |     1 |    17 |    56 ||    74
       Shroud of Golubri |       |       |       |       |       |       |       |    24 |    28 ||    52
       Regeneration      |       |       |       |       |       |       |       |       |    15 ||    15
       Deflect Missiles  |       |       |       |       |       |       |       |       |    39 ||    39
       Apportation       |       |       |       |       |       |       |       |       |     7 ||     7
 Abil: Breathe Fire      |       |       |       |       |    12 |     3 |    11 |     5 |     7 ||    38
       Blink             |       |       |       |       |     6 |     1 |     1 |       |     2 ||    10
       Spit Poison       |       |       |       |       |     5 |     1 |     1 |       |     1 ||     8
       End Transformatio |       |       |       |       |     1 |       |       |       |       ||     1
       Evoke Flight      |       |       |       |       |       |       |       |     2 |     1 ||     3
Evoke: Wand              |       |     9 |    10 |    33 |    44 |    20 |     5 |     6 |    30 ||   157
       Deck              |       |       |       |     1 |     3 |     2 |    17 |       |       ||    23
       Miscellaneous     |       |       |       |       |     3 |       |       |       |       ||     3
       Rod               |       |       |       |       |       |       |       |     5 |       ||     5
  Use: Scroll            |     4 |    16 |     5 |    16 |    15 |     7 |    25 |    22 |    25 ||   135
       Potion            |     2 |     4 |     1 |    10 |    10 |     2 |     2 |     7 |    14 ||    52
 Stab: Sleeping          |       |       |     1 |     2 |       |     1 |       |     2 |    16 ||    22
       Confused          |       |       |    10 |    48 |    78 |    61 |    12 |    30 |    13 ||   252
       Distracted        |       |       |       |     8 |     2 |     1 |     2 |     1 |     8 ||    22
       Petrified         |       |       |       |     1 |     2 |       |       |       |       ||     3
       Invisible         |       |       |       |    43 |    10 |     5 |       |     9 |     6 ||    73
       Betrayed ally     |       |       |       |       |     1 |       |       |       |       ||     1
       Petrifying        |       |       |       |       |     1 |     1 |       |       |       ||     2
       Paralysed         |       |       |       |       |     1 |       |     1 |       |       ||     2
       Fleeing           |       |       |       |       |       |       |       |     1 |     2 ||     3
